 Dungeon Crawl Stone Soup version 0.29-a0-719-g0fec994a2d (webtiles) character file.

Game seed: 17637508332756007526

3601704 NYM the Sorcerer (level 27, 254/280 HPs)
             Began as a Djinni Conjurer on June 20, 2022.
             Was the Champion of Ashenzari.
             Escaped with the Orb
             ... and 5 runes on June 27, 2022!
             The game lasted 04:31:27 (58155 turns).

NYM the Sorcerer (Djinni Conjurer)                 Turns: 58155, Time: 04:31:28

Health: 254/280    AC: 45    Str:  8      XL:     27
Gold:   10001      EV: 23    Int: 35 (37) God:    Ashenzari [******] SH: 20 Dex: 13 (14)

rFire   + + +      SeeInvis +   f - +3 Elemental Staff {rElec rF++ rC++ AC+5, Evo, Melee} (curse)
rCold   + . .      Faith    .   t - +5 kite shield of Ashenzari's Moon {Slay+4, Fort, Evo} (curse)
rNeg    + + +      Spirit   .   (body armour currently unavailable)
rPois   ∞          Reflect  .   s - +0 hat "Ruined With Me" {Will+, Range, Melee} (curse)
rElec   +          Harm     .   l - +1 cloak "Chained Augurer" {Contam rF+ rN+ Dex+3, Cun, Range} (curse)
rCorr   +          Rampage  .   (gloves currently unavailable)
Will    +++++      Clarity  +   (boots unavailable)
Stlth   ++........              g - amulet "Per Aspera Ad Scientiam" {Regen+, Self, Melee} (curse)
HPRegen 1.36/turn               r - ring of Ashenzari's Omission {Will++ Str+2 Int+6, Evo, Cun} (curse)
MPRegen 0.00/turn               w - ring of the Cursed God {rN+ rCorr MP+9 Stlth+, Self, Fort} (curse)

@: statue-form, flying, very slow
A: slow and powerful, torment resistance 1, flying, boosted hp, sickness
immunity, fire resistance 2, cold vulnerability 1, float, innate caster, HP
casting, extra vitality 1, horns 1, clumsy 1, deterioration 2, weak 1
0: Orb of Zot
}: 5/15 runes: barnacled, slimy, silver, abyssal, gossamer
a: End Transformation, Renounce Religion, Shatter the Chains


You escaped.
You worshipped Ashenzari.
Ashenzari was exalted by your worship.
You were a living statue of rough stone.
You visited 13 branches of the dungeon, and saw 58 of its levels.
You visited the Abyss 1 time.
You visited 1 bazaar.
You also visited: Sewer, Bailey, Gauntlet and Desolation.

You collected 14238 gold pieces.
You spent 4237 gold pieces at shops.


Innate Abilities, Weirdness & Mutations

You are a living statue of rough stone.
Your actions are slow, but your melee attacks are powerful.
You are resistant to unholy torment.
You are flying.
Your maximum health is greatly increased.
Your equipment is partially melded.
You are immune to sickness and miasma.
You are immune to poison.
Your flesh is very heat resistant. (rF++)
You are vulnerable to cold. (rC-)
You float through the air rather than walking.
You learn spells naturally, not from books.
Your magical power is your life essence.
You have superior vitality. (+4 MHP)
You have a pair of small horns on your head.
You are clumsy. (Dex -2)
Your body often deteriorates upon taking damage.
You are weak. (Str -2)


   Skills:
 + Level 20.0(23.6) Fighting
 - Level 11.7(16.8) Long Blades
 - Level 19.0(23.8) Staves
 + Level 16.1(19.9) Armour
 + Level 19.8(23.4) Dodging
 - Level 5.5(9.3) Stealth
 + Level 16.9(20.7) Shields
 - Level 22.0(25.5) Spellcasting
 - Level 9.5(14.6) Evocations


You couldn't memorise any spells.
You knew the following spells:

 Your Spells              Type           Power      Damage    Failure   Level
a - Agony                 Necr           100%       N/A       0%          5
b - Borgnjor's Vile Clut  Necr/Erth      73%        N/A       0%          5
d - Dazzling Flash        Conj/Hex       100%       N/A       0%          3
f - Fulminant Prism       Conj/Hex       61%        3d27      0%          4
h - Summon Horrible Thin  Summ           61%        N/A       1%          8
i - Iskenderun's Mystic   Conj/Tloc      100%       2d19      0%          4
l - Lesser Beckoning      Tloc           100%       N/A       0%          3
m - Magic Dart            Conj           100%       1d8       0%          1
p - Poisonous Vapours     Pois/Air       100%       N/A       0%          2
r - Shatter               Erth           73%        3d54*     1%          9
s - Searing Ray           Conj           100%       2d8       0%          2
v - Vampiric Draining     Necr           100%       2d13      0%          3
D - Dragon Form           Tmut           61%        N/A       0%          7
F - Statue Form           Tmut/Erth      98%        N/A       0%          6
I - Discord               Hex            61%        N/A       1%          8
J - Disjunction           Tloc           61%        N/A       1%          8
S - Summon Small Mammal   Summ           100%       N/A       0%          1
X - Summon Cactus Giant   Summ           61%        N/A       0%          6
Your spell library was empty.

Inventory:

Hand Weapons
 e - the +6 dire flail of Inflation {flame, rF+++}
   (You found it on level 2 of the Crypt)

   It burns those it strikes, dealing additional fire damage.
   rF:        It renders you almost immune to fire.
 f - the cursed +3 Elemental Staff (weapon) {rElec rF++ rC++ AC+5, Evo, Melee}
   (You acquired it on level 13 of the Dungeon)

   If the wielder is skilled in Evocations, they can discharge powerful blasts
   of elemental energy when striking with it.
   It enhances your fire, ice, earth and air magic.
   AC:        It affects your AC (+5).
   rF:        It greatly protects you from fire.
   rC:        It greatly protects you from cold.
   rElec:     It insulates you from electricity.
   It has a curse which improves the following skills: Evocations: Evocations.
   Melee Combat: Short Blades, Long Blades, Axes, Maces & Flails, Polearms,
   Staves and Unarmed Combat.
 G - the +9 scimitar of Hesinist {freeze, rF- Str+8}
   (You found it on level 2 of the Crypt)

   It freezes those it strikes, dealing additional cold damage.
   It can also slow down cold-blooded creatures.
   Str:       It affects your strength (+8).
   rF:        It makes you vulnerable to fire.
Armour
 l - the cursed +1 cloak "Chained Augurer" (worn) {Contam rF+ rN+ Dex+3, Cun, Range}
   (You found it in a bailey)

   Dex:       It affects your dexterity (+3).
   rF:        It protects you from fire.
   rN:        It protects you from negative energy.
   Contam:    It causes magical contamination when unequipped.
   It has a curse which improves the following skills: Cunning: Dodging and
   Stealth.
   Ranged Combat: Ranged Weapons and Throwing.
 s - the cursed +0 hat "Ruined With Me" (worn) {Will+, Range, Melee}
   (You found it on level 1 of the Realm of Zot)

   It has a curse which improves the following skills: Ranged Combat: Ranged
   Weapons and Throwing.
   Melee Combat: Short Blades, Long Blades, Axes, Maces & Flails, Polearms,
   Staves and Unarmed Combat.
 t - the cursed +5 kite shield of Ashenzari's Moon (worn) {Slay+4, Fort, Evo}
   (You took it off a minotaur in a Gauntlet)

   Slay:      It affects your accuracy & damage with ranged weapons and melee
   (+4).
   It has a curse which improves the following skills: Fortitude: Armour and
   Shields.
   Evocations: Evocations.
 L - the cursed +0 pair of gloves "Ruined With Me" (melded) {rN+ Int+4, Melee, Self}
   (You found it on level 1 of the Shoals)

   Int:       It affects your intelligence (+4).
   rN:        It protects you from negative energy.
   It has a curse which improves the following skills: Melee Combat: Short
   Blades, Long Blades, Axes, Maces & Flails, Polearms, Staves and Unarmed
   Combat.
   Introspection: Fighting and Spellcasting.
 Q - the cursed +10 pearl dragon scales "Restrained With Me" (melded) {rN+, rare, Fort, Self}
   (You found it in a bailey)

   rN:        It protects you from negative energy.
   It has a curse which improves the following skills: Fortitude: Armour and
   Shields.
   Introspection: Fighting and Spellcasting.
 U - +11 gold dragon scales {rare}
   (You took it off Parghit on level 3 of the Depths)
Jewellery
 g - the cursed amulet "Per Aspera Ad Scientiam" (around neck) {Regen+, Self, Melee}
   (You bought it in a shop on level 2 of the Orcish Mines)

   [amulet of regeneration]

   Regen:     It increases your rate of health regeneration.
   It has a curse which improves the following skills: Introspection: Fighting
   and Spellcasting.
   Melee Combat: Short Blades, Long Blades, Axes, Maces & Flails, Polearms,
   Staves and Unarmed Combat.
 h - the ring of the Hare {EV+8}
   (You found it on level 5 of the Pits of Slime)

   [ring of evasion]

   EV:        It affects your evasion (+8).
 r - the cursed ring of Ashenzari's Omission (left fist) {Will++ Str+2 Int+6, Evo, Cun}
   (You bought it in a shop in a bazaar)

   [ring of intelligence]

   Str:       It affects your strength (+2).
   Int:       It affects your intelligence (+6).
   Will:      It greatly increases your willpower.
   It has a curse which improves the following skills: Evocations: Evocations.
   Cunning:   Dodging and Stealth.
 w - the cursed ring of the Cursed God (right fist) {rN+ rCorr MP+9 Stlth+, Self, Fort}
   (You found it in the Desolation of Salt)

   [ring of magical power]

   rN:        It protects you from negative energy.
   MP:        It affects your magic capacity (+9).
   rCorr:     It protects you from acid and corrosion.
   Stlth:     It makes you more stealthy.
   It has a curse which improves the following skills: Introspection: Fighting
   and Spellcasting.
   Fortitude: Armour and Shields.
 A - the ring of Caywistro {rPois rC+ Will+ Stlth+}
   (You found it on level 5 of the Vaults)

   [ring of willpower]

   rC:        It protects you from cold.
   rPois:     It protects you from poison.
   Will:      It increases your willpower.
   Stlth:     It makes you more stealthy.
 E - the ring "Lefesaol" {AC+4 Slay+3}
   (You found it in the Desolation of Salt)

   [ring of protection]

   AC:        It affects your AC (+4).
   Slay:      It affects your accuracy & damage with ranged weapons and melee
   (+3).
Wands
 j - a wand of acid (18)
   (You took it off a wight on level 8 of the Dungeon)
 o - a wand of flame (79)
   (You found it on level 10 of the Dungeon)
 x - a wand of digging (15)
   (You took it off Lodul on level 11 of the Dungeon)
 F - a wand of polymorph (4)
   (You found it on level 3 of the Crypt)
 M - a wand of iceblast (54)
   (You found it on level 5 of the Dungeon)
 V - a wand of mindburst (23)
   (You found it on level 2 of the Lair of Beasts)
 W - a wand of paralysis (41)
   (You found it on level 9 of the Dungeon)
Scrolls
 a - 3 scrolls of poison
 p - 7 scrolls of immolation {!r!r}
 q - 10 scrolls of enchant weapon
 z - 5 scrolls of fog
 C - 2 scrolls of vulnerability {!r!r}
 H - 2 scrolls of fear
 I - 14 scrolls of teleportation {@r4}
 J - 3 scrolls of brand weapon
 O - 2 scrolls of blinking {!r}
Potions
 b - 7 potions of curing {@q1}
 d - 13 potions of brilliance
 m - 11 potions of lignification {!q}
 n - 5 potions of haste {@q3}
 u - 10 potions of attraction {!q}
 v - 5 potions of might
 y - 2 potions of cancellation
 B - 4 potions of berserk rage {!q}
 R - 6 potions of ambrosia
 X - 3 potions of invisibility
 Z - a potion of magic
Miscellaneous
 c - a phial of floods
   (You found it in the Desolation of Salt)
 i - a phantom mirror
   (You found it on level 3 of the Lair of Beasts)
 k - a condenser vane
   (You found it on level 14 of the Dungeon)
 D - a piece from Xom's chessboard (15/15)
   (You found it on level 7 of the Dungeon)
 N - a tin of tremorstones (2/2)
   (You found it on level 5 of the Vaults)
 T - a lightning rod (4/4)
   (You found it on level 4 of the Shoals)
 Y - a box of beasts
   (You found it in a Gauntlet)

Dungeon Overview and Level Annotations

Branches:
Dungeon (15/15)            Temple (1/1) D:5            Lair (6/6) D:9
 Shoals (4/4) Lair:3       Spider (4/4) Lair:3        Slime (5/5) Lair:6
    Orc (2/2) D:11            Elf (3/3) Orc:2        Vaults (5/5) D:13
  Crypt (3/3) Vaults:2       Tomb (1/3) Crypt:3      Depths (4/4) D:15
    Zot (5/5) Depths:4      Sewer (visited)          Bailey (visited)
Desolation (visited)      Gauntlet (visited)

Altars:
Ashenzari
Cheibriados
Elyvilon
Fedhas
Gozag
Kikubaaqudgha
Makhleb
Nemelex Xobeh
Okawaru
Ru
Sif Muna
Trog
Uskayaw
Vehumet
Wu Jian
Xom
Yredelemnul
Zin
The Shining One
Beogh
Jiyva

Shops:
D:7 *   D:9 *   D:12 (   D:14 (   Orc:2 :?*=   Elf:3 *   Shoals:3 ?
Vaults:3 !   Vaults:4 **   Vaults:5 *   Depths:3 =:=?

Portals:
Hell: Depths:1 Depths:2 Depths:3 Depths:4
Abyss: Depths:1 Depths:2 Depths:3
Pandemonium: Depths:2 Depths:4
Ziggurat: Depths:4

Annotations:
Lair:3 1 runed translucent door, exclusion: oklob plant, Goddom's ghost, journeyman TrFi
Lair:6 2 transporters, Buamnacw's ghost, journeyman DjFE
Zot:5 18 runed doors

........{..{.....##.....# #
........{####....##.....#########
.........####....##.............#
.................##.....######'##
.............X...##.....#.......#
..............XX.##.....#.......#
######........XXXX......#.......#
##########'#####.X#########.##.##
............###.8.♣♣#######.##.##
##########..##♣....♣#....##.##.##
##########..#♣♣....♣#....#.###.##
...†........#♣♣....♣#...##≈♣ #...
###########.#♣####..#.#+#≈≈♣♣#...
#.........# #..#..#.#.#≈≈≈♣#...
#........## #..#..#'###≈≈≈♣#...
#######....# #..#♣......≈≈≈♣#...
#⌠#⌠#⌠#....# ##'#♣.....≈≈≈≈≈#...


You could see an Orb Guardian, 2 large abominations, a friendly tentacled
monstrosity (summoned) and 4 friendly large abominations.


Message History

You take 6 damage, and now have 274/280 hp.
Unknown command.
Casting: Summon Horrible Things (mildly dangerous; 1% risk of failure)
Confirm with . or Enter, or press ? or * to list all spells.
Your large abomination blinks! x2; Your tentacled monstrosity blinks!
Your large abomination blinks!
Your transformation is almost over.
The Executioner misses you. You block the Executioner's attack.
The Executioner closely misses you. 😕 HP[-6]
You take 6 damage, and now have 268/280 hp.
Unknown command.
The Executioner blinks!
Your large abomination closely misses the Executioner.
The Executioner gestures.
The Executioner seems to speed up. 😕 HP[+2]
You regained 2 hp, and now have 270/280 hp.
Your large abomination blinks!
The Executioner hits your large abomination!
The Executioner hits your large abomination but does no damage. x2
A large abomination comes into view.
Your large abomination hits the Executioner!!
The large abomination moves out of view. 😕 HP[+2]
You regained 2 hp, and now have 272/280 hp.
The Executioner blinks!
Your large abomination blinks! x2 😕 HP[+2]
You regained 2 hp, and now have 274/280 hp.
Your large abomination blinks!
The large abomination blinks!
You block the Executioner's attack.
The Executioner hits you but does no damage.
The Executioner misses you. You block the Executioner's attack.
The Executioner barely misses you. You block the Executioner's attack.
The Executioner hits you but does no damage.
The Executioner completely misses you. x2
Your large abomination hits the Executioner!!
An Orb Guardian comes into view. 😕 HP[+2]
You regained 2 hp, and now have 276/280 hp.
The Executioner attacks as you move away!
You block the Executioner's attack. x3
You revert to your normal fleshy form.
The cursed +0 pair of gloves "Ruined With Me" {rN+ Int+4, Melee, Self} unmelds from your body.
The cursed +10 pearl dragon scales "Restrained With Me" {rN+, rare, Fort, Self} unmelds from your body.
The Executioner blinks!
The translocation energy dissipates. 😕 HP[-54]
You now have 223 max hp (-57).
Unknown command.
You block the large abomination's attack. 😎 HP[+1]
Your hp is fully restored (223).
Casting: Disjunction (mildly dangerous; 1% risk of failure)
Confirm with . or Enter, or press ? or * to list all spells.
You feel a surge of power!
You turn into a living statue of rough stone.
The cursed +0 pair of gloves "Ruined With Me" {rN+ Int+4, Melee, Self} melds into your body.
The cursed +10 pearl dragon scales "Restrained With Me" {rN+, rare, Fort, Self} melds into your body.
You block the Executioner's attack. The Executioner completely misses you.
The Executioner hits you but does no damage.
You block the Executioner's attack.
The Executioner hits you but does no damage.
You block the Executioner's attack.
The large abomination completely misses you.
The Executioner hits you!
The Executioner hits you but does no damage. x2 😕 HP[+38]
You now have 280 max hp (+57).
You regained 38 hp, and now have 261/280 hp.
Unknown command.
You block the Executioner's attack. The Executioner barely misses you.
You block the Executioner's attack.
The Executioner hits you but does no damage.
The Executioner closely misses you. x2
You block the large abomination's attack.
The Orb Guardian hits your large abomination!
Your large abomination hits the large abomination!!
The Executioner hits you but does no damage.
You block the Executioner's attack. The Executioner hits you.
The large abomination hits your large abomination!!
Your large abomination hits the Executioner!!
The large abomination closely misses you.
There is a staircase leading out of the dungeon here.
Unknown command.
You can't go down here!
You block the Executioner's attack. x2; The Executioner hits you.
You block the Executioner's attack. The Executioner hits you.
The Executioner barely misses you. You block the Executioner's attack.
The Executioner closely misses you. The Executioner hits you.
You block the Executioner's attack.
The Executioner hits you but does no damage.
You block the Executioner's attack.
The large abomination hits your tentacled monstrosity but does no damage.
The large abomination completely misses you.
Your large abomination hits the Executioner!!
The Executioner dies!
The Orb Guardian hits your large abomination.
You have escaped!

Skill      XL: |  1  2  3  4  5  6  7  8  9 10 11 12 13 14 15 16 17 18 19 20 21 22 23 24 25 26 27 |
---------------+----------------------------------------------------------------------------------+-----
Fighting       | 1 2 4 5 7 9 10 11 13 14 16 20 | 20.0
Spellcasting   | 4 5 6 8 9 11 12 14 16 17 18 19 20 21 22 | 22.0
Armour         | 1 5 6 8 10 11 12 13 16 | 16.1
Dodging        | 6 8 11 14 15 16 17 19 | 19.8
Long Blades    | 5 11 | 11.7
Stealth        | 2 5 |  5.5
Evocations     | 1 6 7 9 |  9.5
Staves         | 1 5 8 13 16 17 19 | 19.0
Shields        | 5 10 11 12 14 16 | 16.9

Action                   |  1- 3 |  4- 6 |  7- 9 | 10-12 | 13-15 | 16-18 | 19-21 | 22-24 | 25-27 || total
-------------------------+-------+-------+-------+-------+-------+-------+-------+-------+-------++-------
Melee: Unarmed           |    14 |       |       |       |       |       |    10 |       |       ||    24
       Dagger            |       |     8 |       |       |       |       |       |       |       ||     8
       Flail             |       |     6 |   140 |    31 |       |       |       |       |       ||   177
       Punch             |       |       |     1 |     6 |     4 |       |       |       |       ||    11
       Long sword        |       |       |       |   177 |   143 |       |       |       |       ||   320
       Staff             |       |       |       |       |    51 |   867 |   643 |   549 |   826 ||  2936
       Tailslap          |       |       |       |       |       |       |     2 |       |       ||     2
       Bite              |       |       |       |       |       |       |     1 |       |       ||     1
       Headbutt          |       |       |       |       |       |       |       |       |   189 ||   189
 Cast: Magic Dart        |    87 |    54 |    42 |    15 |       |     1 |       |       |       ||   199
       Poisonous Vapours |       |    61 |   152 |   123 |    43 |    46 |    12 |     4 |       ||   441
       Fulminant Prism   |       |       |     1 |     6 |     7 |     9 |    11 |     1 |       ||    35
       Searing Ray       |       |       |       |     5 |     3 |       |       |       |       ||     8
       Vampiric Draining |       |       |       |   211 |   654 |   136 |     1 |       |       ||  1002
       Summon Small Mamm |       |       |       |     3 |     4 |       |       |       |       ||     7
       Agony             |       |       |       |     6 |       |       |       |       |       ||     6
       Borgnjor's Vile C |       |       |       |       |    23 |    48 |   126 |   161 |   121 ||   479
       Statue Form       |       |       |       |       |    12 |    32 |    32 |    24 |    54 ||   154
       Iskenderun's Myst |       |       |       |       |     7 |    31 |     9 |     3 |       ||    50
       Summon Cactus Gia |       |       |       |       |       |    19 |    52 |    54 |    39 ||   164
       Dazzling Flash    |       |       |       |       |       |     1 |       |       |       ||     1
       Dragon Form       |       |       |       |       |       |       |     1 |       |       ||     1
       Discord           |       |       |       |       |       |       |    15 |    48 |    19 ||    82
       Disjunction       |       |       |       |       |       |       |       |     3 |     7 ||    10
       Summon Horrible T |       |       |       |       |       |       |       |       |    84 ||    84
       Shatter           |       |       |       |       |       |       |       |       |   104 ||   104
Invok: Curse Item        |       |       |     3 |     3 |     2 |     5 |     3 |     1 |     2 ||    19
       Shatter the Chain |       |       |       |     2 |     2 |     1 |     2 |     1 |       ||     8
 Abil: Breathe Fire      |       |       |       |       |       |       |     1 |       |       ||     1
Evoke: Wand              |       |       |       |       |       |       |     2 |     3 |     2 ||     7
       Box of beasts     |       |       |       |       |       |       |     1 |       |     1 ||     2
       Lightning rod     |       |       |       |       |       |       |     1 |       |     1 ||     2
       Tin of tremorston |       |       |       |       |       |       |       |     1 |       ||     1
       Phial of floods   |       |       |       |       |       |       |       |       |     1 ||     1
       Piece from Xom's  |       |       |       |       |       |       |       |       |     1 ||     1
       Condenser vane    |       |       |       |       |       |       |       |       |     1 ||     1
  Use: Scroll            |     4 |     7 |     8 |     6 |     6 |    10 |    20 |     4 |    24 ||    89
       Potion            |       |     5 |       |     3 |     6 |     2 |    11 |    11 |    45 ||    83
 Stab: Sleeping          |     1 |       |     2 |     4 |     3 |    13 |     9 |     7 |     2 ||    41
       Petrified         |       |       |       |       |     1 |       |       |       |       ||     1
       Distracted        |       |       |       |       |       |       |     4 |       |    10 ||    14
       Invisible         |       |       |       |       |       |       |       |       |     5 ||     5
Armor: Robe              |     9 |    11 |    29 |   140 |   186 |    67 |       |       |       ||   442
       Skin              |       |     2 |       |       |   126 |   511 |   408 |   101 |   458 ||  1606
       Leather armour    |       |       |    83 |    18 |       |       |       |       |       ||   101
       Quicksilver drago |       |       |       |       |       |    69 |    14 |       |       ||    83
       Pearl dragon scal |       |       |       |       |       |       |    67 |   118 |   125 ||   310
Dodge: Dodged            |    22 |    21 |   100 |   494 |  1521 |  1040 |   834 |   273 |   791 ||  5096
Block: Kite shield       |       |       |       |       |       |  1013 |  1078 |   534 |  1161 ||  3786

Levels and vault maps discovered:
D:1:      sevenhm_arrival_forest_fort_small_5, layout_basic,
          ebering_ecumenical_altar_hall, minmay_gold_behind_fungi,
          corner_web_ring, hangedman_decor_riveting, minmay_misc_feat_rows
D:2:      layout_loops_ring, minmay_tall_x
D:3:      layout_basic, grunt_decor_resistance, kennysheep_crisscross,
          minmay_between
D:4:      layout_gridville, mainiacjoe_overflow_catwalk_spiral, uniq_robin,
          uniq_edmund
D:5:      minmay_inner_zag, layout_rooms, minmay_temple_entry_large_hall,
          gup_sewer_entry_spiral, dk_vineyard_3, minivault_25,
          chequers_hall_statues_y, uniq_eustachio
D:6:      layout_basic
D:7:      layout_rooms, xom_butterflies, grunt_ministairs_8, minmay_holes,
          nicolae_shop_clearance
D:8:      layout_loops_ring, kennysheep_cluttered_room, uniq_maggie,
          uniq_prince_ribbit1
D:9:      layout_rooms, due_lair_maze_entry_diamond, serial_curves,
          eino_curves_02, eino_curves_02, eino_curves_01, minmay_shop_mayhem
D:10:     layout_basic, enter_bailey_8, minmay_ruffians
D:11:     layout_cave_pools, orc_0_dummy, uniq_lodul
D:12:     layout_rooms, serial_shops, nicolae_diamond_shop
D:13:     kennysheep_blocky_room, layout_loops_ring, david_vaults_4,
          uniq_maurice
D:14:     nzn_winding_woodlands_cross [nzn_winding_woodlands_5x15_sawtooth,
          nzn_winding_woodlands_5x15_cabin, nzn_winding_woodlands_5x15_garden,
          nzn_winding_woodlands_5x15_sidewinder,
          nzn_winding_woodlands_15x15_thick_spiral], layout_irregular_city,
          serial_shops, nicolae_shop_temple_entry_statues_fountains,
          gauntlet_entry_generic, serial_bayou_pond_a, slow_altar_1
D:15:     gammafunk_enter_depths_forms, layout_irregular_city,
          grunt_decor_junction, dreamdust_looks_like_rain
Temple:   mainiacjoe_temple_bowtie_tessellation
Lair:1:   layout_small_grid, gammafunk_ghost_grave, beast_lair_carwin_1,
          grunt_megastairs_3
Lair:2:   layout_regular_city, serial_bayou_pond_d, minivault_24
Lair:3:   dragon1_lemuel, layout_chaotic_city, shoals_dummy_entry,
          nicolae_spider_entry_non_spiders, ebering_ghost_reflecting_pool,
          tgw_fedhas, uniq_urug
Lair:4:   layout_cave_shapes
Lair:5:   layout_layer_cave, grunt_megastairs_4
Lair:6:   hangedman_lair_tendril_chambers, layout_cellular_growth, slime_dummy,
          gammafunk_ghost_wrathful_warriors
Shoals:1: layout_shoals, st_shoals_ruin
Shoals:2: layout_shoals, nicolae_shoals_drake_roost
Shoals:3: layout_shoals, serial_shops, shop,
          nicolae_shop_temple_entry_statues_fountains, nicolae_shop_statue_plus,
          shop, nicolae_shoals_stone_sculpture_thing
Shoals:4: shoals_end_grunt_garden, layout_shoals
Spider:1: layout_cave_pods
Spider:2: layout_spider_delve, uniq_mlioglotl
Spider:3: layout_chambers
Spider:4: guppyfry_spider_rune, nicolae_spider_undead_wolf_pack, uniq_arachne,
          uniq_bai_suzhen
Slime:1:  layout_caves
Slime:2:  layout_caves, basic_altar
Slime:3:  layout_caves, amcnicky_altar_lugonu_corruption
Slime:4:  nicolae_slime_jelly_donut, layout_caves
Slime:5
Orc:1:    layout_caves, basic_altar, mines4_lemuel
Orc:2:    st_orc_rangers, layout_caves
Elf:1:    layout_geoelf_octagon, serial_shops, bzr_entry_road,
          hangedman_corner_corridor, hangedman_elf_power_crystal
Elf:2:    elven_hall_of_blades_hangedman_original [nicolae_blade_tridents],
          layout_loops_corners, uniq_saint_roka, uniq_azrael
Elf:3:    grunt_elf_hall_asides, layout_loops_cross, serial_shops,
          nicolae_shop_trees, hangedman_summoners_spam
Vaults:1: grunt_vaults_diagonal, hangedman_vaults_impose,
          ontoclasm_vaults_fault, hangedman_vaults_capsules,
          nicolae_vaults_network_periphery, hangedman_vaults_locks,
          vaults_room_pools, hangedman_vaults_corner_blocks, st_more_cells,
          ontoclasm_vaults_gateway, vaults_dpeg_ring, vaults_dpeg_hooks,
          vaults_room_fours, layout_vaults_big_room
Vaults:2: portal_desolation_entry_nicolae_nacl, minmay_crypt_entry_simple_box,
          vaults_mumra_minichess_inversion, v_misc_4, v_misc_28,
          v_alt_pattern_3, v_misc_27, nicolae_vaults_ring_of_whatevers,
          vaults_dpeg_encased_lava, layout_vaults_omnigrid
Vaults:3: not_door_vault_due, nicolae_vaults_asterisk, v_misc_10,
          nicolae_vaults_specimen_jars, nicolae_vaults_little_ls, v_misc_18,
          dpeg_vaults_monster_box, ontoclasm_vaults_loading_screen, v_misc_9,
          layout_vaults_maze_snakey, serial_shops, nicolae_shop_crystal
Vaults:4: ebering_ghost_gozag, v_alt_pattern_2, nicolae_vaults_network_barrier,
          nicolae_vaults_network_quinsquares
          [nicolae_vaults_network_quincunx_subvault,
          nicolae_vaults_network_quincunx_subvault,
          nicolae_vaults_network_quincunx_subvault,
          nicolae_vaults_network_quincunx_subvault],
          nicolae_vaults_circle_grid_b, ontoclasm_vaults_ring_small, v_rooms_1,
          nicolae_vaults_sealed_display, ontoclasm_vaults_hangar,
          nicolae_vaults_what_the_h, ontoclasm_vaults_gallery,
          layout_vaults_omnibox, serial_shops,
          nicolae_shop_temple_entry_statues_fountains
Vaults:5
Crypt:1:  layout_chaotic_city, uniq_aizul, uniq_zenata
Crypt:2:  hangedman_hall_of_fallen_heroes, layout_regular_city, basic_altar,
          weyrava_lich_vault, uniq_khufu, uniq_boris
Crypt:3:  lightli_unholy_cathedral, layout_chaotic_city,
          nicolae_tomb_entry_unfolded_pyramid_diagonal, uniq_jory, uniq_grunn
Tomb:1
Depths:1: layout_basic, abyss_entry_small_statue_room, minmay_fountain_box,
          hell_entry, minmay_librarian, grunt_megastairs_5, uniq_sojobo,
          uniq_nikola, uniq_enchantress, uniq_mara
Depths:2: ragdoll_tomb_raider, layout_gridville, minmay_misc_feat_five,
          pan_entry, grunt_mini_vestibule, abyss_entry, fiery_altar_vehumet,
          serial_bayou_shore_b, infiniplex_staircase_pool_2
Depths:3: kennysheep_ambush_hall, layout_cave_pools,
          hangedman_abyss_or_decor_clamps, abyss_entry, serial_shops,
          nicolae_square_shop, hell_entry, serial_bayou_shore_a,
          minmay_shop_grove, uniq_parghit, uniq_mennas
Depths:4: grunt_zot_entry_tricorne, layout_twisted_cross, enter_ziggurat_e,
          minmay_misc_feat_tiny, hell_entry, rand_demon_pan_entry_8,
          serial_bayou_pond_d
Zot:1:    layout_gridlike, nicolae_lava_and_water, grunt_megastairs_1
Zot:2:    layout_twisted_circle, lemuel_baited_zot_trap
Zot:3:    kennysheep_blocky_hall, layout_misc_corridors,
          hangedman_zot_decor_scrapings, grunt_megastairs_2
Zot:4:    layout_misc_corridors, gammafunk_ghost_tricky_traps
Zot:5:    layout_gridlike, hangedman_zot_decor_tridents, door_vault

Notes
Turn   | Place    | Note
-------+----------+-------------------------------------------
     0 | D:1      | NYM the Djinni Conjurer began the quest for the Orb.
     0 | D:1      | NYM set off with the following spells memorised: Magic
                  | Dart, Searing Ray, Dazzling Flash, Fulminant Prism,
                  | Iskenderun's Mystic Blast.
     0 | D:1      | Reached XP level 1. HP: 15/15 MP: 0/0
     0 | D:1      | magus.rc [v1.11.3]
   148 | D:1      | Found a faded altar of an unknown god.
   263 | D:1      | HP: 3/16 [hobgoblin (2)]
   611 | D:1      | Reached skill level 1 in Fighting
   611 | D:1      | Reached XP level 2. HP: 17/22 MP: 0/0
  1095 | D:1      | Reached XP level 3. HP: 24/27 MP: 0/0
  1095 | D:1      | Learned a level 1 spell: Summon Small Mammal
  2395 | D:2      | Reached skill level 2 in Fighting
  2585 | D:2      | Identified the +1 leather armour of Defence {Harm *Slow
                  | Str+3 Stlth+}
  2682 | D:2      | Reached XP level 4. HP: 26/33 MP: 0/0
  2888 | D:2      | Gained mutation: Your body sometimes deteriorates upon
                  | taking damage. [potion of mutation]
  2888 | D:2      | Gained mutation: You have a pair of small horns on your
                  | head. [potion of mutation]
  2888 | D:2      | Gained mutation: You are dopey. (Int -2) [potion of
                  | mutation]
  2889 | D:2      | Lost mutation: You are dopey. (Int -2) [potion of mutation]
  2889 | D:2      | Lost mutation: You have a pair of small horns on your head.
                  | [potion of mutation]
  2889 | D:2      | Gained mutation: A frigid envelope surrounds you and
                  | freezes all who hurt you. [potion of mutation]
  2889 | D:2      | Gained mutation: You are frail. (-10% HP) [potion of
                  | mutation]
  2889 | D:2      | Gained mutation: Your muscles are strong. (Str +4, Int/Dex
                  | -1) [potion of mutation]
  2889 | D:2      | Gained mutation: You are partially covered in iridescent
                  | scales. (AC +2) [potion of mutation]
  2890 | D:2      | Lost mutation: Your muscles are strong. (Str +4, Int/Dex
                  | -1) [potion of mutation]
  2890 | D:2      | Lost mutation: You are frail. (-10% HP) [potion of
                  | mutation]
  2890 | D:2      | Lost mutation: Your body sometimes deteriorates upon taking
                  | damage. [potion of mutation]
  2890 | D:2      | Gained mutation: Your flesh is almost immune to the effects
                  | of heat. (rF+++) [potion of mutation]
  2890 | D:2      | Gained mutation: You are agile. (Dex +4, Str/Int -1)
                  | [potion of mutation]
  3503 | D:3      | Reached skill level 4 in Spellcasting
  3611 | D:3      | Reached XP level 5. HP: 29/40 MP: 0/0
  3611 | D:3      | Learned a level 2 spell: Poisonous Vapours
  4501 | D:3      | Reached skill level 3 in Fighting
  5175 | D:4      | Found a white marble altar of Elyvilon.
  5177 | D:4      | Found a hide-covered altar of Uskayaw.
  5353 | D:4      | Noticed Edmund
  5381 | D:4      | Killed Edmund
  5382 | D:4      | Reached skill level 4 in Fighting
  5382 | D:4      | Reached XP level 6. HP: 47/47 MP: 0/0
  5783 | D:4      | Noticed an ogre
  5797 | D:4      | Killed an ogre
  5798 | D:4      | Reached XP level 7. HP: 40/53 MP: 0/0
  5798 | D:4      | Learned a level 3 spell: Lesser Beckoning
  5895 | D:4      | Reached skill level 5 in Spellcasting
  5898 | D:4      | Noticed Robin
  5904 | D:4      | Killed Robin
  5911 | D:4      | Reached skill level 5 in Fighting
  6480 | D:5      | Entered Level 5 of the Dungeon
  6567 | D:5      | Noticed Eustachio
  6583 | D:5      | Killed Eustachio
  6584 | D:5      | Reached XP level 8. HP: 34/61 MP: 0/0
  6784 | D:5      | Found a glowing drain.
  6788 | Sewer    | Entered a sewer
  6890 | Sewer    | Reached skill level 6 in Fighting
  7101 | Sewer    | Reached skill level 6 in Spellcasting
  7628 | D:5      | Reached skill level 7 in Fighting
  7650 | D:5      | Found a staircase to the Ecumenical Temple.
  7665 | D:5      | Reached XP level 9. HP: 61/68 MP: 0/0
  7665 | D:5      | Learned a level 3 spell: Vampiric Draining
  7669 | Temple   | Entered the Ecumenical Temple
  7790 | Temple   | Became a worshipper of Ashenzari the Shackled
  8040 | D:5      | Reached skill level 7 in Spellcasting
  9222 | D:6      | Reached * piety under Ashenzari
  9493 | D:6      | Reached skill level 8 in Spellcasting
 10231 | D:7      | Reached ** piety under Ashenzari
 10262 | D:7      | Found a shimmering altar of Xom.
 10403 | D:7      | Found Woch's CLEARANCE SALE!.
 10431 | D:7      | Noticed a hornet
 10439 | D:7      | Killed a hornet
 10643 | D:7      | Reached skill level 1 in Armour
 10643 | D:7      | Reached XP level 10. HP: 41/77 MP: 0/0
 10644 | D:7      | Reached skill level 3 in Dodging
 10652 | D:7      | Reached skill level 2 in Armour
 11156 | D:8      | Noticed Prince Ribbit
 11159 | D:8      | Reached skill level 4 in Dodging
 11167 | D:8      | Reached skill level 3 in Armour
 11167 | D:8      | Killed Prince Ribbit
 11194 | D:8      | Noticed Maggie
 11207 | D:8      | Killed Maggie
 11208 | D:8      | Reached skill level 4 in Armour
 11208 | D:8      | Reached skill level 5 in Dodging
 11675 | D:8      | Reached skill level 6 in Dodging
 11692 | D:8      | Reached skill level 5 in Armour
 11954 | D:8      | Found the +4 robe of Augmentation {Str+4 Int+4 Dex+4}
 12641 | D:9      | Found Sisa's Mayhem Merchandise.
 12927 | D:9      | Reached skill level 9 in Spellcasting
 13217 | D:9      | Reached XP level 11. HP: 64/82 MP: 0/0
 13217 | D:9      | Learned a level 5 spell: Agony
 13225 | D:9      | Reached skill level 10 in Spellcasting
 13263 | D:9      | Found a staircase to the Lair.
 13500 | D:9      | Identified the +0 pair of boots "Xucebroduw" {rElec rPois
                  | rC+ SInv}
 13753 | D:10     | Entered Level 10 of the Dungeon
 13755 | D:10     | Found a flagged portal.
 13860 | Bailey   | Entered a bailey
 14059 | Bailey   | Reached *** piety under Ashenzari
 14090 | Bailey   | Identified the +1 leather armour of the Dice {rN++ Int-4
                  | Dex+5}
 14208 | Bailey   | Reached skill level 11 in Spellcasting
 14222 | Bailey   | Identified +0 pearl dragon scales
 14226 | Bailey   | Identified the +1 cloak "Muahi" {Contam rF+ rN+ Dex+3}
 14240 | Bailey   | Q - +0 pearl dragon scales {rare}
 14466 | Bailey   | your +0 pearl dragon scales {rare} glow green for a moment.
 15034 | D:10     | Reached XP level 12. HP: 85/85 MP: 0/0
 15039 | D:10     | Reached skill level 12 in Spellcasting
 15201 | D:10     | your +1 pearl dragon scales {rare} glow green for a moment.
 15451 | D:11     | Noticed Lodul
 15755 | D:11     | Reached skill level 8 in Fighting
 15962 | D:11     | Killed Lodul
 16097 | D:11     | Identified a scroll of acquirement
 16107 | D:11     | Acquired 551 gold pieces
 16231 | D:11     | Reached skill level 9 in Fighting
 16506 | D:11     | Found a staircase to the Orcish Mines.
 16529 | D:11     | Noticed a boulder beetle
 16542 | D:11     | Killed a boulder beetle
 16706 | D:12     | Reached skill level 7 in Dodging
 16712 | D:12     | Reached skill level 6 in Armour
 16836 | D:12     | Found Taujedd's Antique Weapon Shop.
 16877 | D:12     | your +2 pearl dragon scales {rare} glow green for a moment.
 17016 | D:12     | Noticed a two-headed ogre
 17029 | D:12     | Killed a two-headed ogre
 17030 | D:12     | Reached skill level 8 in Dodging
 17030 | D:12     | Reached XP level 13. HP: 73/94 MP: 0/0
 17030 | D:12     | Learned a level 5 spell: Borgnjor's Vile Clutch
 17164 | D:12     | Reached skill level 7 in Armour
 17494 | Lair:1   | Entered Level 1 of the Lair of Beasts
 17572 | Orc:1    | Entered Level 1 of the Orcish Mines
 17806 | Orc:1    | Paralysed by an orc sorcerer for 2 turns
 18139 | Orc:2    | Entered Level 2 of the Orcish Mines
 18224 | Orc:2    | Reached skill level 9 in Dodging
 18225 | Orc:2    | Reached skill level 8 in Armour
 18633 | Orc:2    | Reached skill level 10 in Dodging
 19288 | Orc:2    | Found Yvoppusch's Assorted Antiques.
 19288 | Orc:2    | Found Citu's Magic Scroll Boutique.
 19290 | Orc:2    | Found Ipoic's Book Shop.
 19292 | Orc:2    | Found Duuja's Jewellery Shoppe.
 19296 | Orc:2    | Bought a lumpy cabochon amulet for 150 gold pieces
 19298 | Orc:2    | Bought a scroll of acquirement for 572 gold pieces
 19298 | Orc:2    | Bought a scroll of teleportation for 33 gold pieces
 19298 | Orc:2    | Bought a scroll of fog for 22 gold pieces
 19309 | Orc:2    | Bought an amulet of regeneration for 300 gold pieces
 19314 | Orc:2    | Bought a manual of Long Blades for 960 gold pieces
 19315 | Orc:2    | Acquired 1135 gold pieces
 19354 | Orc:2    | Reached skill level 11 in Dodging
 19356 | Orc:2    | Reached skill level 1 in Long Blades
 19599 | Orc:2    | Found a staircase to the Elven Halls.
 19834 | Orc:1    | Reached skill level 2 in Long Blades
 20014 | Lair:1   | Reached **** piety under Ashenzari
 20196 | Lair:1   | Reached skill level 3 in Long Blades
 20318 | Lair:1   | Reached skill level 4 in Long Blades
 20348 | Lair:1   | Found a runed translucent door.
 20348 | Lair:1   | Noticed flestrin's ghost (journeyman OgFE)
 20781 | Lair:1   | Killed flestrin's ghost
 20980 | Lair:2   | Noticed a catoblepas
 20991 | Lair:2   | Killed a catoblepas
 20992 | Lair:2   | Reached skill level 5 in Long Blades
 20992 | Lair:2   | Reached XP level 14. HP: 101/105 MP: 0/0
 21253 | Lair:2   | Reached skill level 12 in Dodging
 21492 | Lair:3   | Reached skill level 6 in Long Blades
 21599 | Lair:3   | Noticed Urug
 21609 | Lair:3   | Killed Urug
 21627 | Lair:3   | Reached skill level 7 in Long Blades
 21730 | Lair:3   | Found a hole to the Spider Nest.
 21765 | Lair:3   | Reached skill level 8 in Long Blades
 21828 | Lair:3   | Reached skill level 13 in Dodging
 21854 | Lair:3   | Reached skill level 9 in Long Blades
 22055 | Lair:3   | Found a blossoming altar of Fedhas.
 22170 | Lair:3   | Found a runed translucent door.
 22201 | Lair:3   | Noticed Goddom's ghost (journeyman TrFi)
 22214 | Lair:3   | Found a staircase to the Shoals.
 22373 | Lair:3   | Identified the Handbook of Dark Venom
 22741 | Lair:4   | Reached skill level 10 in Long Blades
 23688 | Lair:5   | Reached skill level 14 in Dodging
 24001 | Lair:5   | Reached skill level 11 in Long Blades
 24001 | Lair:5   | Reached skill level 2 in Stealth
 24004 | Lair:5   | Reached XP level 15. HP: 66/111 MP: 0/0
 24004 | Lair:5   | Learned a level 6 spell: Statue Form
 24485 | Lair:6   | Entered Level 6 of the Lair of Beasts
 24486 | Lair:6   | Found a staircase to the Slime Pits.
 24554 | Lair:6   | your +3 pearl dragon scales {rare} glow green for a moment.
 24600 | Lair:6   | Reached skill level 3 in Stealth
 24635 | Lair:6   | X - quicksilver dragon scales {rare}
 24723 | Lair:6   | Found a transporter.
 24727 | Lair:6   | Noticed Buamnacw's ghost (journeyman DjFE)
 24821 | Lair:6   | Found a transporter.
 24900 | Lair:6   | Found a bloodstained altar of Trog.
 25073 | Lair:6   | Reached skill level 4 in Stealth
 25414 | Lair:6   | Reached skill level 5 in Stealth
 25935 | D:13     | Reached skill level 10 in Fighting
 25935 | D:13     | Reached skill level 9 in Armour
 26008 | D:13     | Noticed Maurice
 26017 | D:13     | Killed Maurice
 26326 | D:13     | Found a gate to the Vaults.
 26338 | D:13     | Reached skill level 10 in Armour
 26386 | D:13     | Acquired the +3 Elemental Staff {rElec rF++ rC++ AC+5}
 26386 | D:13     | Found the +3 Elemental Staff {rElec rF++ rC++ AC+5}
 26395 | D:13     | Lost mutation: You are partially covered in iridescent
                  | scales. (AC +2) [potion of mutation]
 26395 | D:13     | Lost mutation: You are agile. (Dex +4, Str/Int -1) [potion
                  | of mutation]
 26395 | D:13     | Lost mutation: A frigid envelope surrounds you and freezes
                  | all who hurt you. [potion of mutation]
 26395 | D:13     | Gained mutation: Your skin changes colour to match your
                  | surroundings (Stealth+). [potion of mutation]
 26395 | D:13     | Gained mutation: You are agile. (Dex +4, Str/Int -1)
                  | [potion of mutation]
 26396 | D:13     | Lost mutation: Your flesh is almost immune to the effects
                  | of heat. (rF+++) [potion of mutation]
 26396 | D:13     | Lost mutation: Your skin changes colour to match your
                  | surroundings (Stealth+). [potion of mutation]
 26396 | D:13     | Lost mutation: You are agile. (Dex +4, Str/Int -1) [potion
                  | of mutation]
 26396 | D:13     | Gained mutation: You sometimes lose your temper in combat.
                  | [potion of mutation]
 26396 | D:13     | Gained mutation: You are frail. (-10% HP) [potion of
                  | mutation]
 26396 | D:13     | Gained mutation: You are agile. (Dex +4, Str/Int -1)
                  | [potion of mutation]
 26397 | D:13     | Lost mutation: You are agile. (Dex +4, Str/Int -1) [potion
                  | of mutation]
 26397 | D:13     | Lost mutation: You sometimes lose your temper in combat.
                  | [potion of mutation]
 26397 | D:13     | Gained mutation: You sometimes lose your temper in combat.
                  | [potion of mutation]
 26397 | D:13     | Lost mutation: You are frail. (-10% HP) [potion of
                  | mutation]
 26397 | D:13     | Gained mutation: Your body sometimes deteriorates upon
                  | taking damage. [potion of mutation]
 26397 | D:13     | Gained mutation: You passively map a small area around you.
                  | [potion of mutation]
 26398 | D:13     | Lost mutation: You passively map a small area around you.
                  | [potion of mutation]
 26398 | D:13     | Lost mutation: Your body sometimes deteriorates upon taking
                  | damage. [potion of mutation]
 26398 | D:13     | Lost mutation: You sometimes lose your temper in combat.
                  | [potion of mutation]
 26730 | D:14     | your +4 pearl dragon scales {rare} glow green for a moment.
 26773 | D:14     | Reached skill level 1 in Evocations
 26795 | D:14     | Reached skill level 1 in Staves
 26801 | D:14     | Reached XP level 16. HP: 94/117 MP: 0/0
 26861 | D:14     | Reached skill level 2 in Evocations
 26967 | D:14     | Identified the +0 pair of gloves "Sughuf" {rC+}
 26988 | D:14     | Found Woutwoy's Weapon Shoppe.
 27041 | D:14     | Identified the +7 halberd of the Ship {antimagic, rPois rC+
                  | Str-4 Dex+5}
 27074 | D:14     | Found a gate leading to a gauntlet.
 27083 | Gauntlet | Entered a Gauntlet
 27083 | Gauntlet | Found a transporter.
 27110 | Gauntlet | Found a transporter.
 27112 | Gauntlet | Found a transporter.
 27114 | Gauntlet | Found a transporter.
 27125 | Gauntlet | Found a transporter.
 27138 | Gauntlet | Found a transporter.
 27140 | Gauntlet | Found a large runed translucent door.
 27140 | Gauntlet | Found a large runed translucent door.
 27141 | Gauntlet | Found a large runed translucent door.
 27141 | Gauntlet | Found a large runed translucent door.
 27142 | Gauntlet | Found a large runed translucent door.
 27142 | Gauntlet | Found a large runed translucent door.
 27142 | Gauntlet | Found a runed translucent door.
 27142 | Gauntlet | Found a runed translucent door.
 27142 | Gauntlet | Found a large runed translucent door.
 27143 | Gauntlet | Found a transporter.
 27145 | Gauntlet | Found a large runed translucent door.
 27158 | Gauntlet | Found a transporter.
 27173 | Gauntlet | Found a large runed translucent door.
 27174 | Gauntlet | Found a large runed translucent door.
 27175 | Gauntlet | Found a large runed translucent door.
 27176 | Gauntlet | Found a runed translucent gate.
 27176 | Gauntlet | Identified the +2 hat "Kit Zidy" {Str+6}
 27177 | Gauntlet | Found a transporter.
 27177 | Gauntlet | Found a runed translucent gate.
 27178 | Gauntlet | Found a runed translucent gate.
 27178 | Gauntlet | Identified the +2 plate armour of the Spider Nest {rCorr
                  | Int+4}
 27179 | Gauntlet | Found a large runed translucent door.
 27179 | Gauntlet | Found a large runed translucent door.
 27180 | Gauntlet | Found a large runed translucent door.
 27181 | Gauntlet | Found a large runed translucent door.
 27189 | Gauntlet | Found a transporter.
 27229 | Gauntlet | Found a transporter.
 27230 | Gauntlet | Identified the +1 pair of gloves of Xezetede {Regen+}
 27252 | Gauntlet | Found a transporter.
 27253 | Gauntlet | Identified the ring of Zirivuoz {rF+ rN+}
 27267 | Gauntlet | Found a transporter.
 27267 | Gauntlet | Found a transporter.
 27269 | Gauntlet | Found a transporter.
 27339 | Gauntlet | Found a transporter.
 27373 | Gauntlet | Found a transporter.
 27396 | Gauntlet | Found a transporter.
 27431 | Gauntlet | Identified the amulet of Essussuo {RegenMP Rampage Str+3}
 27502 | Gauntlet | Reached skill level 2 in Staves
 27676 | Gauntlet | Identified the +5 kite shield of the Snail {Slay+4}
 27677 | Gauntlet | Identified the Compendium of the Traveller
 27690 | Gauntlet | Z - +0 storm dragon scales {rare}
 27706 | Gauntlet | You drop +0 storm dragon scales {rare}.
 27708 | Gauntlet | a +0 double sword {rare}; a +4 ring mail of willpower; a
                  | merfolk skeleton
 27712 | Gauntlet | a +0 double sword {rare}; a +4 ring mail of willpower; a
                  | merfolk skeleton
 27765 | D:14     | Found a snail-covered altar of Cheibriados.
 27900 | D:14     | Reached skill level 1 in Shields
 27900 | D:14     | Reached skill level 3 in Evocations
 27941 | D:14     | Reached skill level 3 in Staves
 27946 | D:14     | Reached skill level 2 in Shields
 27951 | D:14     | Reached skill level 4 in Evocations
 28065 | D:14     | Reached skill level 3 in Shields
 28160 | D:14     | Reached ***** piety under Ashenzari
 28167 | D:14     | Noticed a fire giant
 28196 | D:14     | Reached skill level 4 in Staves
 28200 | D:14     | Killed a fire giant
 28408 | D:15     | Entered Level 15 of the Dungeon
 28412 | D:15     | Found a staircase to the Depths.
 28417 | D:15     | your +5 pearl dragon scales {rare} glow green for a moment.
 28418 | D:15     | your +6 pearl dragon scales {rare} glow green for a moment.
 28424 | D:15     | Paralysed by an air elemental for 1 turns
 28426 | D:15     | Paralysed by an air elemental for 1 turns
 28455 | D:15     | Reached skill level 5 in Evocations
 28460 | D:15     | Reached skill level 4 in Shields
 28652 | D:15     | your +7 pearl dragon scales {rare} glow green for a moment.
 28746 | D:15     | You finish putting on your +8 pearl dragon scales {rare}.
 28807 | D:15     | your +8 pearl dragon scales {rare} melds into your body.
 28872 | D:15     | your +8 pearl dragon scales {rare} unmelds from your body.
 28878 | D:15     | You finish taking off your +8 pearl dragon scales {rare}.
 28883 | D:15     | You finish putting on your quicksilver dragon scales
                  | {rare}.
 28950 | D:15     | your quicksilver dragon scales {rare} melds into your body.
 29007 | D:15     | Reached skill level 5 in Staves
 29017 | D:15     | your quicksilver dragon scales {rare} unmelds from your
                  | body.
 29120 | D:15     | your quicksilver dragon scales {rare} melds into your body.
 29133 | D:15     | Reached skill level 5 in Shields
 29165 | D:15     | your quicksilver dragon scales {rare} unmelds from your
                  | body.
 29203 | D:15     | Reached skill level 6 in Evocations
 29644 | Elf:1    | Entered Level 1 of the Elven Halls
 29722 | Elf:1    | Found a flickering gateway to a bazaar.
 29727 | Bazaar   | Entered a bazaar
 29727 | Bazaar   | Found Taeryepp's Antique Weapon Shop.
 29731 | Bazaar   | Found Sywaof's Distillery.
 29736 | Bazaar   | Found Xeli's Jewellery Emporium.
 29740 | Bazaar   | Found Bonaof's Antique Weapon Shop.
 29750 | Bazaar   | Found Eveuvish's Antique Weapon Boutique.
 29819 | Bazaar   | Bought the ring of Cuhuj {Will++ Str+2 Int+6} for 1015 gold
                  | pieces
 30022 | Elf:1    | your quicksilver dragon scales {rare} melds into your body.
 30043 | Elf:1    | Reached XP level 17. HP: 124/124 MP: 0/0
 30043 | Elf:1    | Learned a level 6 spell: Summon Cactus Giant
 30074 | Elf:1    | Reached skill level 6 in Staves
 30090 | Elf:1    | your quicksilver dragon scales {rare} unmelds from your
                  | body.
 30204 | Elf:1    | Reached skill level 6 in Shields
 30436 | Elf:1    | Noticed a Tzitzimitl
 30437 | Elf:1    | your quicksilver dragon scales {rare} melds into your body.
 30503 | Elf:1    | your quicksilver dragon scales {rare} unmelds from your
                  | body.
 30611 | Elf:2    | your quicksilver dragon scales {rare} melds into your body.
 30648 | Elf:2    | Reached skill level 7 in Evocations
 30681 | Elf:2    | your quicksilver dragon scales {rare} unmelds from your
                  | body.
 30702 | Elf:2    | Found a runed translucent gate.
 30702 | Elf:2    | Found a runed translucent gate.
 30702 | Elf:2    | Found a runed translucent gate.
 30761 | Elf:2    | your quicksilver dragon scales {rare} melds into your body.
 30821 | Elf:2    | Reached skill level 7 in Shields
 30823 | Elf:2    | Reached skill level 7 in Staves
 30827 | Elf:2    | your quicksilver dragon scales {rare} unmelds from your
                  | body.
 30829 | Elf:2    | your quicksilver dragon scales {rare} melds into your body.
 30900 | Elf:2    | your quicksilver dragon scales {rare} unmelds from your
                  | body.
 30907 | Elf:2    | your quicksilver dragon scales {rare} melds into your body.
 30941 | Elf:2    | your quicksilver dragon scales {rare} unmelds from your
                  | body.
 31116 | Elf:2    | Gained mutation: Your body sometimes deteriorates upon
                  | taking damage. [a shining eye]
 31122 | Elf:2    | your quicksilver dragon scales {rare} melds into your body.
 31136 | Elf:2    | Reached skill level 8 in Shields
 31191 | Elf:2    | your quicksilver dragon scales {rare} unmelds from your
                  | body.
 31228 | Elf:2    | Reached skill level 8 in Staves
 31239 | Elf:2    | Acquired 839 gold pieces
 31309 | Elf:2    | your quicksilver dragon scales {rare} melds into your body.
 31379 | Elf:2    | your quicksilver dragon scales {rare} unmelds from your
                  | body.
 31578 | Elf:2    | your quicksilver dragon scales {rare} melds into your body.
 31579 | Elf:2    | Noticed Saint Roka
 31596 | Elf:2    | Killed Saint Roka
 31610 | Elf:2    | Reached skill level 9 in Shields
 31629 | Elf:2    | Noticed Azrael
 31650 | Elf:2    | your quicksilver dragon scales {rare} unmelds from your
                  | body.
 31666 | Elf:2    | your quicksilver dragon scales {rare} melds into your body.
 31714 | Elf:2    | Killed Azrael
 31741 | Elf:2    | Reached skill level 10 in Shields
 31776 | Elf:2    | your quicksilver dragon scales {rare} unmelds from your
                  | body.
 31843 | Elf:2    | your quicksilver dragon scales {rare} melds into your body.
 31855 | Elf:2    | Reached XP level 18. HP: 130/130 MP: 0/0
 31901 | Elf:2    | your quicksilver dragon scales {rare} unmelds from your
                  | body.
 31906 | Elf:2    | your quicksilver dragon scales {rare} melds into your body.
 31934 | Elf:2    | your quicksilver dragon scales {rare} unmelds from your
                  | body.
 31935 | Elf:2    | Your quicksilver dragon scales {rare} glows black for a
                  | moment.
 32090 | Elf:2    | the cursed quicksilver dragon scales "At What Cost
                  | Knowledge?" {Will+, rare, Fort, Cun} melds into your body.
 32129 | Elf:2    | the cursed quicksilver dragon scales "At What Cost
                  | Knowledge?" {Will+, rare, Fort, Cun} unmelds from your
                  | body.
 32129 | Elf:2    | Identified the cursed quicksilver dragon scales "At What
                  | Cost Knowledge?" {Will+, rare, Fort, Cun} (You found it on
                  | level 6 of the Lair of Beasts)
 32326 | Elf:3    | Entered Level 3 of the Elven Halls
 32341 | Elf:3    | Found Divia's General Store.
 32347 | Elf:3    | the cursed quicksilver dragon scales "At What Cost
                  | Knowledge?" {Will+, rare, Fort, Cun} melds into your body.
 32378 | Elf:3    | your +8 pearl dragon scales {rare} glow green for a moment.
 32391 | Elf:3    | the cursed quicksilver dragon scales "At What Cost
                  | Knowledge?" {Will+, rare, Fort, Cun} unmelds from your
                  | body.
 32457 | Elf:3    | the cursed quicksilver dragon scales "At What Cost
                  | Knowledge?" {Will+, rare, Fort, Cun} melds into your body.
 32460 | Elf:3    | Reached skill level 8 in Evocations
 32495 | Elf:3    | Identified the +0 chain mail of Wujegau {rElec Slay+2
                  | Stlth+}
 32533 | Elf:3    | the cursed quicksilver dragon scales "At What Cost
                  | Knowledge?" {Will+, rare, Fort, Cun} unmelds from your
                  | body.
 32550 | Elf:3    | the cursed quicksilver dragon scales "At What Cost
                  | Knowledge?" {Will+, rare, Fort, Cun} melds into your body.
 32556 | Elf:3    | Paralysed by an air elemental for 1 turns
 32619 | Elf:3    | Reached skill level 13 in Spellcasting
 32622 | Elf:3    | the cursed quicksilver dragon scales "At What Cost
                  | Knowledge?" {Will+, rare, Fort, Cun} unmelds from your
                  | body.
 32844 | Elf:3    | the cursed quicksilver dragon scales "At What Cost
                  | Knowledge?" {Will+, rare, Fort, Cun} melds into your body.
 32849 | Elf:3    | Noticed a deep elf blademaster
 32856 | Elf:3    | Reached skill level 9 in Evocations
 32856 | Elf:3    | Killed a deep elf blademaster
 32883 | Elf:3    | Noticed a deep elf master archer
 32889 | Elf:3    | Killed a deep elf master archer
 32890 | Elf:3    | Noticed a deep elf master archer
 32897 | Elf:3    | HP: 34/169 [deep elf master archer/arrow (28)]
 32898 | Elf:3    | Killed a deep elf master archer
 32912 | Elf:3    | the cursed quicksilver dragon scales "At What Cost
                  | Knowledge?" {Will+, rare, Fort, Cun} unmelds from your
                  | body.
 32969 | Elf:3    | Noticed a deep elf blademaster
 32980 | Elf:3    | the cursed quicksilver dragon scales "At What Cost
                  | Knowledge?" {Will+, rare, Fort, Cun} melds into your body.
 32990 | Elf:3    | Killed a deep elf blademaster
 32999 | Elf:3    | Reached skill level 14 in Spellcasting
 33030 | Elf:3    | a deep elf pyromancer comes into view. It is wielding a +0
                  | great mace and wearing the +3 robe of Clouds {*Thunder
                  | rCloud rElec}.
 33036 | Elf:3    | Aim: a deep elf pyromancer, wielding a +0 great mace,
                  | wearing the +3 robe of Clouds {*Thunder rCloud rElec} and
                  | wearing an amulet of faith (moderately wounded, 100% to
                  | hit)
 33036 | Elf:3    | Aim: a deep elf pyromancer, wielding a +0 great mace,
                  | wearing the +3 robe of Clouds {*Thunder rCloud rElec} and
                  | wearing an amulet of faith (moderately wounded, 100% to
                  | hit)
 33036 | Elf:3    | Paralysed by an air elemental for 1 turns
 33044 | Elf:3    | Paralysed by an air elemental for 1 turns
 33051 | Elf:3    | the cursed quicksilver dragon scales "At What Cost
                  | Knowledge?" {Will+, rare, Fort, Cun} unmelds from your
                  | body.
 33052 | Elf:3    | the cursed quicksilver dragon scales "At What Cost
                  | Knowledge?" {Will+, rare, Fort, Cun} melds into your body.
 33064 | Elf:3    | the cursed quicksilver dragon scales "At What Cost
                  | Knowledge?" {Will+, rare, Fort, Cun} unmelds from your
                  | body.
 33087 | Elf:3    | the cursed quicksilver dragon scales "At What Cost
                  | Knowledge?" {Will+, rare, Fort, Cun} melds into your body.
 33100 | Elf:3    | Identified the Volume of Ignition
 33107 | Elf:3    | a deep elf annihilator comes into view. It is wielding a +0
                  | short sword of speed, wearing a +1 leather armour of cold
                  | resistance and wearing the necklace of Bloodlust {*Rage
                  | Will++ Int-3 Slay+6}.
 33108 | Elf:3    | Aim: a deep elf annihilator, wielding a +0 short sword of
                  | speed, wearing a +1 leather armour of cold resistance and
                  | wearing the necklace of Bloodlust {*Rage Will++ Int-3
                  | Slay+6} (100% to hit)
 33108 | Elf:3    | Aim: a deep elf annihilator, wielding a +0 short sword of
                  | speed, wearing a +1 leather armour of cold resistance and
                  | wearing the necklace of Bloodlust {*Rage Will++ Int-3
                  | Slay+6} (100% to hit)
 33111 | Elf:3    | Aim: a deep elf annihilator, wielding a +0 short sword of
                  | speed, wearing a +1 leather armour of cold resistance and
                  | wearing the necklace of Bloodlust {*Rage Will++ Int-3
                  | Slay+6} (heavily wounded, constricted by zombie hands)
 33112 | Elf:3    | Aim: a deep elf annihilator, wielding a +0 short sword of
                  | speed, wearing a +1 leather armour of cold resistance and
                  | wearing the necklace of Bloodlust {*Rage Will++ Int-3
                  | Slay+6} (severely wounded, constricted by zombie hands)
 33112 | Elf:3    | Aim: a deep elf annihilator, wielding a +0 short sword of
                  | speed, wearing a +1 leather armour of cold resistance and
                  | wearing the necklace of Bloodlust {*Rage Will++ Int-3
                  | Slay+6} (severely wounded, constricted by zombie hands)
 33135 | Elf:3    | Identified the ring "Goitt" {Fly Int+4 Dex+2}
 33135 | Elf:3    | Identified the Almanac of the Shifting Oath
 33153 | Elf:3    | the cursed quicksilver dragon scales "At What Cost
                  | Knowledge?" {Will+, rare, Fort, Cun} unmelds from your
                  | body.
 33156 | Elf:3    | Identified the Catalogue of the Birds and Attacks
 33338 | Elf:3    | the cursed quicksilver dragon scales "At What Cost
                  | Knowledge?" {Will+, rare, Fort, Cun} melds into your body.
 33348 | Elf:3    | Noticed a Brimstone Fiend
 33352 | Elf:3    | Reached XP level 19. HP: 136/136 MP: 0/0
 33352 | Elf:3    | Learned a level 7 spell: Dragon Form
 33396 | Elf:3    | the cursed quicksilver dragon scales "At What Cost
                  | Knowledge?" {Will+, rare, Fort, Cun} unmelds from your
                  | body.
 33396 | Elf:3    | the cursed quicksilver dragon scales "At What Cost
                  | Knowledge?" {Will+, rare, Fort, Cun} melds into your body.
 33408 | Elf:3    | the cursed quicksilver dragon scales "At What Cost
                  | Knowledge?" {Will+, rare, Fort, Cun} unmelds from your
                  | body.
 33408 | Elf:3    | Identified the cursed +2 helmet of the Eternal Planets
                  | {Fort, Cun} (You took it off Robin on level 4 of the
                  | Dungeon)
 33408 | Elf:3    | the cursed quicksilver dragon scales "At What Cost
                  | Knowledge?" {Will+, rare, Fort, Cun} melds into your body.
 33474 | Elf:3    | the cursed quicksilver dragon scales "At What Cost
                  | Knowledge?" {Will+, rare, Fort, Cun} unmelds from your
                  | body.
 34024 | Shoals:1 | Entered Level 1 of the Shoals
 34025 | Shoals:1 | the cursed quicksilver dragon scales "At What Cost
                  | Knowledge?" {Will+, rare, Fort, Cun} melds into your body.
 34096 | Shoals:1 | the cursed quicksilver dragon scales "At What Cost
                  | Knowledge?" {Will+, rare, Fort, Cun} unmelds from your
                  | body.
 34114 | Shoals:1 | the cursed quicksilver dragon scales "At What Cost
                  | Knowledge?" {Will+, rare, Fort, Cun} melds into your body.
 34179 | Shoals:1 | the cursed quicksilver dragon scales "At What Cost
                  | Knowledge?" {Will+, rare, Fort, Cun} unmelds from your
                  | body.
 34235 | Shoals:1 | the cursed quicksilver dragon scales "At What Cost
                  | Knowledge?" {Will+, rare, Fort, Cun} melds into your body.
 34237 | Shoals:1 | Identified the +5 chain mail of Otivaj {rPois}
 34245 | Shoals:1 | Identified the +0 pair of gloves "Zuquwui" {rN+ Int+4}
 34314 | Shoals:1 | the cursed quicksilver dragon scales "At What Cost
                  | Knowledge?" {Will+, rare, Fort, Cun} unmelds from your
                  | body.
 34364 | Shoals:1 | Reached ****** piety under Ashenzari
 34380 | Shoals:1 | Reached skill level 15 in Spellcasting
 34385 | Shoals:1 | the cursed quicksilver dragon scales "At What Cost
                  | Knowledge?" {Will+, rare, Fort, Cun} melds into your body.
 34453 | Shoals:1 | the cursed quicksilver dragon scales "At What Cost
                  | Knowledge?" {Will+, rare, Fort, Cun} unmelds from your
                  | body.
 35053 | Shoals:2 | the cursed quicksilver dragon scales "At What Cost
                  | Knowledge?" {Will+, rare, Fort, Cun} melds into your body.
 35126 | Shoals:2 | the cursed quicksilver dragon scales "At What Cost
                  | Knowledge?" {Will+, rare, Fort, Cun} unmelds from your
                  | body.
 35140 | Shoals:2 | your +9 pearl dragon scales {rare} glow green for a moment.
 35141 | Shoals:2 | Really remove and destroy the cursed quicksilver dragon
                  | scales "At What Cost Knowledge?" {Will+, rare, Fort, Cun}?
 35141 | Shoals:2 | You shatter the curse binding the cursed quicksilver dragon
                  | scales "At What Cost Knowledge?" {Will+, rare, Fort, Cun}!
 35215 | Shoals:2 | You finish putting on your +10 pearl dragon scales {rare}.
 35274 | Shoals:2 | Lost mutation: Your body sometimes deteriorates upon taking
                  | damage. [potion of mutation]
 35274 | Shoals:2 | Gained mutation: You are weak. (Str -2) [potion of
                  | mutation]
 35750 | Shoals:3 | your +10 pearl dragon scales {rare} melds into your body.
 35756 | Shoals:3 | Found Joxteac's Magic Scroll Shoppe.
 35825 | Shoals:3 | your +10 pearl dragon scales {rare} unmelds from your body.
 35917 | Shoals:4 | Entered Level 4 of the Shoals
 35928 | Shoals:3 | Your +10 pearl dragon scales {rare} glows black for a
                  | moment.
 35981 | Shoals:4 | the cursed +10 pearl dragon scales "Restrained With Me"
                  | {rN+, rare, Fort, Self} melds into your body.
 36033 | Shoals:4 | Reached skill level 11 in Fighting
 36076 | Shoals:4 | Identified Pofos's Guide on Icy Summoning
 36212 | Shoals:4 | HP: 31/180 [satyr/sling bullet (22)]
 36224 | Shoals:4 | HP: 40/180 [merfolk impaler/+0 trident (12)]
 36225 | Shoals:4 | Got a barnacled rune of Zot
 36227 | Shoals:4 | HP: 17/180 [merfolk javelineer/silver javelin (5)]
 36262 | Shoals:4 | the cursed +10 pearl dragon scales "Restrained With Me"
                  | {rN+, rare, Fort, Self} unmelds from your body.
 36412 | Spider:1 | Entered Level 1 of the Spider Nest
 36434 | Spider:1 | the cursed +10 pearl dragon scales "Restrained With Me"
                  | {rN+, rare, Fort, Self} melds into your body.
 36506 | Spider:1 | the cursed +10 pearl dragon scales "Restrained With Me"
                  | {rN+, rare, Fort, Self} unmelds from your body.
 36521 | Spider:1 | the cursed +10 pearl dragon scales "Restrained With Me"
                  | {rN+, rare, Fort, Self} melds into your body.
 36604 | Spider:1 | Reached skill level 16 in Spellcasting
 36653 | Spider:1 | the cursed +10 pearl dragon scales "Restrained With Me"
                  | {rN+, rare, Fort, Self} unmelds from your body.
 36656 | Spider:1 | the cursed +10 pearl dragon scales "Restrained With Me"
                  | {rN+, rare, Fort, Self} melds into your body.
 36679 | Spider:2 | Noticed Mlioglotl
 36686 | Spider:2 | Killed Mlioglotl
 36687 | Spider:2 | Reached XP level 20. HP: 147/147 MP: 0/0
 36782 | Spider:4 | Entered Level 4 of the Spider Nest
 36882 | Spider:4 | Reached skill level 12 in Fighting
 36920 | Spider:4 | the cursed +10 pearl dragon scales "Restrained With Me"
                  | {rN+, rare, Fort, Self} unmelds from your body.
 36941 | Spider:4 | the cursed +10 pearl dragon scales "Restrained With Me"
                  | {rN+, rare, Fort, Self} melds into your body.
 37006 | Spider:4 | Noticed Bai Suzhen
 37012 | Spider:4 | Noticed Arachne
 37015 | Spider:4 | Killed Bai Suzhen
 37029 | Spider:4 | HP: 39/193 [wolf spider (23)]
 37029 | Spider:4 | Killed Arachne
 37032 | Spider:4 | Reached skill level 17 in Spellcasting
 37040 | Spider:4 | HP: 42/195 [radroach (21)]
 37040 | Spider:4 | HP: 3/195 [radroach (39)]
 37073 | Spider:4 | the cursed +10 pearl dragon scales "Restrained With Me"
                  | {rN+, rare, Fort, Self} unmelds from your body.
 37146 | Spider:4 | Got a gossamer rune of Zot
 37393 | Lair:3   | Reached skill level 13 in Fighting
 37632 | Depths:1 | Entered Level 1 of the Depths
 37638 | Depths:1 | Noticed Mara
 37639 | Depths:1 | the cursed +10 pearl dragon scales "Restrained With Me"
                  | {rN+, rare, Fort, Self} melds into your body.
 37648 | Depths:1 | Noticed NYM's illusion
 37649 | Depths:1 | Killed Mara
 37704 | Depths:1 | the cursed +10 pearl dragon scales "Restrained With Me"
                  | {rN+, rare, Fort, Self} unmelds from your body.
 37755 | Depths:1 | Noticed Nikola
 37765 | Depths:1 | Killed Nikola
 37842 | Depths:1 | the Enchantress comes into view. She is wielding a +3 demon
                  | whip of venom, wearing the +3 faerie dragon scales {Harm
                  | *Slow rF- rCorr Str+8} and wearing a +0 buckler of
                  | reflection.
 37842 | Depths:1 | Noticed the Enchantress
 37845 | Depths:1 | Aim: the Enchantress, wielding a +3 demon whip of venom,
                  | wearing the +3 faerie dragon scales {Harm *Slow rF- rCorr
                  | Str+8} and wearing a +0 buckler of reflection (repelling
                  | missiles, 100% to hit)
 37852 | Depths:1 | Aim: the Enchantress, wielding a +3 demon whip of venom,
                  | wearing the +3 faerie dragon scales {Harm *Slow rF- rCorr
                  | Str+8} and wearing a +0 buckler of reflection (severely
                  | wounded, fast, repelling missiles, constricted by zombie
                  | hands, 100% to hit)
 37852 | Depths:1 | Killed the Enchantress
 37853 | Depths:1 | Reached XP level 21. HP: 111/164 MP: 0/0
 37853 | Depths:1 | Learned a level 8 spell: Discord
 37863 | Depths:1 | the cursed +10 pearl dragon scales "Restrained With Me"
                  | {rN+, rare, Fort, Self} melds into your body.
 37917 | Depths:1 | the cursed +10 pearl dragon scales "Restrained With Me"
                  | {rN+, rare, Fort, Self} unmelds from your body.
 37949 | Depths:1 | Found a gateway to Hell.
 37956 | Depths:1 | Identified a +1 robe of the Archmagi
 37987 | Depths:1 | the cursed +10 pearl dragon scales "Restrained With Me"
                  | {rN+, rare, Fort, Self} melds into your body.
 37997 | Depths:1 | Paralysed by a floating eye for 2 turns
 38053 | Depths:1 | the cursed +10 pearl dragon scales "Restrained With Me"
                  | {rN+, rare, Fort, Self} unmelds from your body.
 38059 | Depths:1 | the cursed +10 pearl dragon scales "Restrained With Me"
                  | {rN+, rare, Fort, Self} melds into your body.
 38128 | Depths:1 | the cursed +10 pearl dragon scales "Restrained With Me"
                  | {rN+, rare, Fort, Self} unmelds from your body.
 38153 | Depths:1 | the cursed +10 pearl dragon scales "Restrained With Me"
                  | {rN+, rare, Fort, Self} melds into your body.
 38155 | Depths:1 | Noticed Sojobo
 38164 | Depths:1 | Killed Sojobo
 38218 | Depths:1 | the cursed +10 pearl dragon scales "Restrained With Me"
                  | {rN+, rare, Fort, Self} unmelds from your body.
 38222 | Depths:1 | Found a one-way gate to the infinite horrors of the Abyss.
 38265 | Depths:1 | the cursed +10 pearl dragon scales "Restrained With Me"
                  | {rN+, rare, Fort, Self} melds into your body.
 38285 | Depths:1 | Reached skill level 18 in Spellcasting
 38289 | Depths:1 | Reached skill level 14 in Fighting
 38326 | Depths:1 | the cursed +10 pearl dragon scales "Restrained With Me"
                  | {rN+, rare, Fort, Self} unmelds from your body.
 38546 | Vaults:1 | Entered Level 1 of the Vaults
 38896 | Vaults:1 | Reached skill level 15 in Dodging
 38992 | Vaults:1 | the cursed +10 pearl dragon scales "Restrained With Me"
                  | {rN+, rare, Fort, Self} melds into your body.
 39046 | Vaults:1 | the cursed +10 pearl dragon scales "Restrained With Me"
                  | {rN+, rare, Fort, Self} unmelds from your body.
 39132 | Vaults:1 | Reached skill level 11 in Shields
 39607 | Vaults:2 | the cursed +10 pearl dragon scales "Restrained With Me"
                  | {rN+, rare, Fort, Self} melds into your body.
 39637 | Vaults:2 | Found a crumbling gateway.
 39656 | Desolati | Entered the Desolation of Salt
 39705 | Desolati | Reached skill level 11 in Armour
 39748 | Desolati | Identified the ring of Mistrust {rElec rPois rCorr Str-4
                  | Dex+5}
 39751 | Desolati | Reached XP level 22. HP: 166/166 MP: 0/0
 39756 | Desolati | Identified the +3 fustibalus "Alabboi" {flame, Int+4 Dex+4}
 39756 | Desolati | Identified the +8 rapier of the Philosopher {flame, rF++}
 39868 | Desolati | Identified the +8 shortbow of Wyrd {venom, rF+ rN+ Stlth+}
 39906 | Desolati | Identified the +8 trident of Biuhoint {vorpal, rN+ Dex+3}
 39952 | Desolati | Identified the +7 chain mail of the Invisible Hand {Int+2
                  | Slay+3}
 39952 | Desolati | Identified the +11 chain mail "Meud Hoegairch" {rPois
                  | Dex+8}
 39986 | Desolati | Identified the +6 flail of Destruction {holy, MP+9 Dex+2}
 39993 | Desolati | the cursed +10 pearl dragon scales "Restrained With Me"
                  | {rN+, rare, Fort, Self} unmelds from your body.
 40010 | Desolati | the cursed +10 pearl dragon scales "Restrained With Me"
                  | {rN+, rare, Fort, Self} melds into your body.
 40076 | Desolati | the cursed +10 pearl dragon scales "Restrained With Me"
                  | {rN+, rare, Fort, Self} unmelds from your body.
 40104 | Desolati | the cursed +10 pearl dragon scales "Restrained With Me"
                  | {rN+, rare, Fort, Self} melds into your body.
 40172 | Desolati | the cursed +10 pearl dragon scales "Restrained With Me"
                  | {rN+, rare, Fort, Self} unmelds from your body.
 40245 | Desolati | Identified the ring "Gaucsui" {rN+ rCorr MP+9 Stlth+}
 40259 | Desolati | Identified the +0 leather armour of Gozag's Condemnation
                  | {Regen+ Int+4}
 40261 | Desolati | Identified the ring "Lefesaol" {AC+4 Slay+3}
 40291 | Desolati | the cursed +10 pearl dragon scales "Restrained With Me"
                  | {rN+, rare, Fort, Self} melds into your body.
 40349 | Desolati | the cursed +10 pearl dragon scales "Restrained With Me"
                  | {rN+, rare, Fort, Self} unmelds from your body.
 40371 | Desolati | the cursed +10 pearl dragon scales "Restrained With Me"
                  | {rN+, rare, Fort, Self} melds into your body.
 40441 | Desolati | the cursed +10 pearl dragon scales "Restrained With Me"
                  | {rN+, rare, Fort, Self} unmelds from your body.
 40721 | Vaults:2 | the cursed +10 pearl dragon scales "Restrained With Me"
                  | {rN+, rare, Fort, Self} melds into your body.
 40796 | Vaults:2 | the cursed +10 pearl dragon scales "Restrained With Me"
                  | {rN+, rare, Fort, Self} unmelds from your body.
 40806 | Vaults:2 | Found a staircase to the Crypt.
 40844 | Vaults:2 | the cursed +10 pearl dragon scales "Restrained With Me"
                  | {rN+, rare, Fort, Self} melds into your body.
 40911 | Vaults:2 | the cursed +10 pearl dragon scales "Restrained With Me"
                  | {rN+, rare, Fort, Self} unmelds from your body.
 41308 | Vaults:2 | Reached skill level 12 in Shields
 41376 | Vaults:2 | the cursed +10 pearl dragon scales "Restrained With Me"
                  | {rN+, rare, Fort, Self} melds into your body.
 41444 | Vaults:2 | the cursed +10 pearl dragon scales "Restrained With Me"
                  | {rN+, rare, Fort, Self} unmelds from your body.
 41480 | Vaults:2 | Reached skill level 19 in Spellcasting
 41763 | Vaults:3 | Found a huge runed gate.
 41763 | Vaults:3 | Found a huge runed gate.
 41763 | Vaults:3 | Found a huge runed gate.
 41763 | Vaults:3 | Found a huge runed gate.
 41763 | Vaults:3 | Found a huge runed gate.
 41763 | Vaults:3 | Found a huge runed gate.
 41763 | Vaults:3 | Found a huge runed gate.
 41764 | Vaults:3 | Found a huge runed gate.
 41764 | Vaults:3 | Found a huge runed gate.
 41764 | Vaults:3 | Found a huge runed gate.
 41765 | Vaults:3 | Found a huge runed gate.
 41769 | Vaults:3 | Found a huge runed gate.
 41773 | Vaults:3 | Found a huge runed gate.
 41773 | Vaults:3 | Found a huge runed gate.
 41773 | Vaults:3 | Found a huge runed gate.
 41773 | Vaults:3 | Found a huge runed gate.
 41774 | Vaults:3 | Found a huge runed gate.
 41790 | Vaults:3 | Reached skill level 16 in Dodging
 41814 | Vaults:3 | Reached skill level 12 in Armour
 41945 | Vaults:3 | the cursed +10 pearl dragon scales "Restrained With Me"
                  | {rN+, rare, Fort, Self} melds into your body.
 41990 | Vaults:3 | the cursed +10 pearl dragon scales "Restrained With Me"
                  | {rN+, rare, Fort, Self} unmelds from your body.
 42060 | Vaults:3 | Found Ostihuez's Distillery.
 42066 | Vaults:3 | Bought a potion of mutation for 104 gold pieces
 42066 | Vaults:3 | Lost mutation: You are weak. (Str -2) [potion of mutation]
 42066 | Vaults:3 | Gained mutation: You are robust. (+10% HP) [potion of
                  | mutation]
 42066 | Vaults:3 | Gained mutation: You occasionally shout uncontrollably at
                  | your foes. [potion of mutation]
 42067 | Vaults:3 | Lost mutation: You occasionally shout uncontrollably at
                  | your foes. [potion of mutation]
 42067 | Vaults:3 | Lost mutation: You are robust. (+10% HP) [potion of
                  | mutation]
 42067 | Vaults:3 | Gained mutation: You passively dampen the noise of your
                  | surroundings. [potion of mutation]
 42195 | Vaults:3 | Reached XP level 23. HP: 181/181 MP: 0/0
 42195 | Vaults:3 | Learned a level 8 spell: Disjunction
 42260 | Vaults:3 | the cursed +10 pearl dragon scales "Restrained With Me"
                  | {rN+, rare, Fort, Self} melds into your body.
 42328 | Vaults:3 | the cursed +10 pearl dragon scales "Restrained With Me"
                  | {rN+, rare, Fort, Self} unmelds from your body.
 42394 | Vaults:3 | the cursed +10 pearl dragon scales "Restrained With Me"
                  | {rN+, rare, Fort, Self} melds into your body.
 42464 | Vaults:3 | the cursed +10 pearl dragon scales "Restrained With Me"
                  | {rN+, rare, Fort, Self} unmelds from your body.
 42643 | Vaults:4 | Found Xerokakk's Assorted Antiques.
 42652 | Vaults:4 | Bought a scroll of magic mapping for 80 gold pieces
 43025 | Vaults:4 | Found a runed translucent gate.
 43026 | Vaults:4 | Found a runed translucent gate.
 43027 | Vaults:4 | Found a runed translucent gate.
 43027 | Vaults:4 | Found an opulent altar of Gozag.
 43036 | Vaults:4 | Found Degotz's Assorted Antiques.
 43036 | Vaults:4 | Noticed Mafumol's ghost (adept GrEE)
 43067 | Vaults:4 | the cursed +10 pearl dragon scales "Restrained With Me"
                  | {rN+, rare, Fort, Self} melds into your body.
 43113 | Vaults:4 | Killed Mafumol's ghost
 43125 | Vaults:4 | Bought a potion of heal wounds for 170 gold pieces
 43125 | Vaults:4 | Bought a fuming pink potion for 30 gold pieces
 43156 | Vaults:4 | the cursed +10 pearl dragon scales "Restrained With Me"
                  | {rN+, rare, Fort, Self} unmelds from your body.
 43555 | Vaults:4 | Reached skill level 13 in Shields
 43958 | Vaults:5 | Entered Level 5 of the Vaults
 43966 | Vaults:5 | Reached skill level 13 in Armour
 43968 | Vaults:5 | Reached skill level 17 in Dodging
 43968 | Vaults:5 | the cursed +10 pearl dragon scales "Restrained With Me"
                  | {rN+, rare, Fort, Self} melds into your body.
 44038 | Vaults:5 | the cursed +10 pearl dragon scales "Restrained With Me"
                  | {rN+, rare, Fort, Self} unmelds from your body.
 44073 | Vaults:5 | Noticed a dread lich
 44100 | Vaults:5 | Killed a dread lich
 44108 | Vaults:5 | Identified Wof Yph's Disquisition on Warped Enchantment
 44109 | Vaults:5 | Identified Ecieg's Reference Book on Translocation and Clay
 44112 | Vaults:5 | Noticed a golden dragon
 44125 | Vaults:5 | the cursed +10 pearl dragon scales "Restrained With Me"
                  | {rN+, rare, Fort, Self} melds into your body.
 44131 | Vaults:5 | Killed a golden dragon
 44131 | Vaults:5 | Identified +0 gold dragon scales
 44132 | Vaults:5 | Reached skill level 20 in Spellcasting
 44134 | Vaults:5 | Z - +0 gold dragon scales {rare}
 44192 | Vaults:5 | the cursed +10 pearl dragon scales "Restrained With Me"
                  | {rN+, rare, Fort, Self} unmelds from your body.
 44247 | Vaults:5 | Noticed a golden dragon
 44254 | Vaults:5 | Killed a golden dragon
 44255 | Vaults:5 | Reached skill level 14 in Shields
 44255 | Vaults:5 | Reached XP level 24. HP: 187/187 MP: 0/0
 44369 | Vaults:5 | the cursed +10 pearl dragon scales "Restrained With Me"
                  | {rN+, rare, Fort, Self} melds into your body.
 44418 | Vaults:5 | the cursed +10 pearl dragon scales "Restrained With Me"
                  | {rN+, rare, Fort, Self} unmelds from your body.
 44429 | Vaults:5 | Acquired a manual of Staves
 44431 | Vaults:5 | Acquired 789 gold pieces
 44432 | Vaults:5 | Acquired 701 gold pieces
 44521 | Vaults:5 | Reached skill level 9 in Staves
 44568 | Vaults:5 | Noticed an ancient lich
 44571 | Vaults:5 | Killed an ancient lich
 44609 | Vaults:5 | Identified the +1 leather armour of Nusym {rF- rCorr Int+5
                  | Dex+2}
 44609 | Vaults:5 | Identified the +10 plate armour "Lybega" {Dex+2}
 44617 | Vaults:5 | Found Farphac's General Store.
 44619 | Vaults:5 | Identified the ring of Caywistro {rPois rC+ Will+ Stlth+}
 44621 | Vaults:5 | Noticed a dread lich
 44625 | Vaults:5 | Killed a dread lich
 44626 | Vaults:5 | Reached skill level 10 in Staves
 44715 | Vaults:5 | Bought a potion of lignification for 63 gold pieces
 44715 | Vaults:5 | Bought a scroll of summoning for 199 gold pieces
 44715 | Vaults:5 | Bought a potion of mutation for 168 gold pieces
 44715 | Vaults:5 | Bought a scroll of teleportation for 63 gold pieces
 44933 | Vaults:5 | Got a silver rune of Zot
 44944 | Vaults:5 | Reached skill level 11 in Staves
 44999 | Vaults:5 | Identified the +9 morningstar of Success {antimagic, *Noise
                  | Dex+7}
 45161 | Vaults:5 | the cursed +10 pearl dragon scales "Restrained With Me"
                  | {rN+, rare, Fort, Self} melds into your body.
 45227 | Vaults:5 | the cursed +10 pearl dragon scales "Restrained With Me"
                  | {rN+, rare, Fort, Self} unmelds from your body.
 45234 | Vaults:5 | the cursed +10 pearl dragon scales "Restrained With Me"
                  | {rN+, rare, Fort, Self} melds into your body.
 45257 | Vaults:5 | Noticed a golden dragon
 45257 | Vaults:5 | Noticed an ancient lich
 45301 | Vaults:5 | the cursed +10 pearl dragon scales "Restrained With Me"
                  | {rN+, rare, Fort, Self} unmelds from your body.
 45315 | Vaults:5 | Identified the +1 pair of gloves "Ziel" {SInv}
 45331 | Vaults:5 | Killed a golden dragon
 45332 | Vaults:5 | Reached skill level 12 in Staves
 45343 | Vaults:5 | HP: 1/187 [ancient lich/crystal spear (98)]
 45348 | Vaults:5 | HP: 8/187 [ancient lich/bolt of acid (31)]
 45350 | Vaults:5 | Killed an ancient lich
 45367 | Vaults:5 | +0 storm dragon scales {rare}; a storm dragon corpse
 45374 | Vaults:5 | Found the ring of the Tortoise {AC+8}
 45485 | Vaults:5 | +0 storm dragon scales {rare}; a storm dragon corpse
 45485 | Vaults:5 | +0 storm dragon scales {rare}; a storm dragon corpse
 45485 | Vaults:5 | Could not pick up +0 storm dragon scales {rare} here;
                  | ([A]lways) ignore it?
 45487 | Vaults:5 | You drop +0 gold dragon scales {rare}.
 45658 | Vaults:5 | Noticed a golden dragon
 45658 | Vaults:5 | Identified the +2 robe of Unreason {rCorr Str-2 Int-4
                  | Dex+7}
 45658 | Vaults:5 | Identified the +9 mace "Vianayr" {flame, Str+4}
 45695 | Vaults:5 | the cursed +10 pearl dragon scales "Restrained With Me"
                  | {rN+, rare, Fort, Self} melds into your body.
 45697 | Vaults:5 | Killed a golden dragon
 45762 | Vaults:5 | the cursed +10 pearl dragon scales "Restrained With Me"
                  | {rN+, rare, Fort, Self} unmelds from your body.
 46180 | Depths:2 | the cursed +10 pearl dragon scales "Restrained With Me"
                  | {rN+, rare, Fort, Self} melds into your body.
 46222 | Depths:2 | the cursed +10 pearl dragon scales "Restrained With Me"
                  | {rN+, rare, Fort, Self} unmelds from your body.
 46236 | Depths:2 | Noticed a royal mummy
 46241 | Depths:2 | the cursed +10 pearl dragon scales "Restrained With Me"
                  | {rN+, rare, Fort, Self} melds into your body.
 46260 | Depths:2 | Noticed a royal mummy
 46270 | Depths:2 | Killed a royal mummy
 46311 | Depths:2 | the cursed +10 pearl dragon scales "Restrained With Me"
                  | {rN+, rare, Fort, Self} unmelds from your body.
 46318 | Depths:2 | the cursed +10 pearl dragon scales "Restrained With Me"
                  | {rN+, rare, Fort, Self} melds into your body.
 46327 | Depths:2 | Reached skill level 13 in Staves
 46338 | Depths:2 | Killed a royal mummy
 46387 | Depths:2 | the cursed +10 pearl dragon scales "Restrained With Me"
                  | {rN+, rare, Fort, Self} unmelds from your body.
 46439 | Depths:2 | the cursed +10 pearl dragon scales "Restrained With Me"
                  | {rN+, rare, Fort, Self} melds into your body.
 46500 | Depths:2 | the cursed +10 pearl dragon scales "Restrained With Me"
                  | {rN+, rare, Fort, Self} unmelds from your body.
 46612 | Depths:2 | Reached XP level 25. HP: 135/193 MP: 0/0
 46612 | Depths:2 | Learned a level 8 spell: Summon Horrible Things
 46627 | Depths:2 | Reached skill level 21 in Spellcasting
 46628 | Depths:2 | Reached skill level 14 in Staves
 46767 | Depths:2 | the cursed +10 pearl dragon scales "Restrained With Me"
                  | {rN+, rare, Fort, Self} melds into your body.
 46833 | Depths:2 | the cursed +10 pearl dragon scales "Restrained With Me"
                  | {rN+, rare, Fort, Self} unmelds from your body.
 46896 | Depths:2 | the cursed +10 pearl dragon scales "Restrained With Me"
                  | {rN+, rare, Fort, Self} melds into your body.
 46964 | Depths:2 | the cursed +10 pearl dragon scales "Restrained With Me"
                  | {rN+, rare, Fort, Self} unmelds from your body.
 46989 | Depths:2 | Found a one-way gate leading to the halls of Pandemonium.
 47421 | Depths:3 | the cursed +10 pearl dragon scales "Restrained With Me"
                  | {rN+, rare, Fort, Self} melds into your body.
 47490 | Depths:3 | the cursed +10 pearl dragon scales "Restrained With Me"
                  | {rN+, rare, Fort, Self} unmelds from your body.
 47512 | Depths:3 | the cursed +10 pearl dragon scales "Restrained With Me"
                  | {rN+, rare, Fort, Self} melds into your body.
 47545 | Depths:3 | Identified +9 gold dragon scales
 47545 | Depths:3 | Noticed Parghit
 47562 | Depths:3 | Killed Parghit
 47569 | Depths:3 | 3 large rocks {=f}; +9 gold dragon scales {rare}; a potion
                  | of magic
 47573 | Depths:3 | 3 large rocks {=f}; +9 gold dragon scales {rare}; a potion
                  | of magic
 47575 | Depths:3 | 3 large rocks {=f}; +9 gold dragon scales {rare}; a potion
                  | of magic
 47579 | Depths:3 | U - +9 gold dragon scales {rare}
 47581 | Depths:3 | the cursed +10 pearl dragon scales "Restrained With Me"
                  | {rN+, rare, Fort, Self} unmelds from your body.
 47586 | Depths:3 | Found Dearucis's Magic Scroll Emporium.
 47597 | Depths:3 | Reached skill level 15 in Staves
 47598 | Depths:3 | Bought a scroll of fear for 77 gold pieces
 47598 | Depths:3 | Bought a scroll of blinking for 165 gold pieces
 47598 | Depths:3 | Bought a scroll of teleportation for 66 gold pieces
 47681 | Depths:3 | Found Nitu's Book Shop.
 47682 | Depths:3 | Found Riol's Jewellery Shoppe.
 47683 | Depths:3 | Noticed Mennas
 47707 | Depths:3 | Killed Mennas
 47735 | Depths:3 | the cursed +10 pearl dragon scales "Restrained With Me"
                  | {rN+, rare, Fort, Self} melds into your body.
 47752 | Depths:3 | HP: 59/241 [spark wasp/living lightning (2)]
 47803 | Depths:3 | the cursed +10 pearl dragon scales "Restrained With Me"
                  | {rN+, rare, Fort, Self} unmelds from your body.
 47866 | Depths:3 | Found Ykhlozer's Jewellery Shoppe.
 48319 | Depths:4 | Entered Level 4 of the Depths
 48319 | Depths:4 | Found a one-way gateway to a ziggurat.
 48331 | Depths:4 | quicksilver dragon scales {rare}; a quicksilver dragon
                  | corpse
 48401 | Depths:4 | quicksilver dragon scales {rare}; a quicksilver dragon
                  | corpse
 48401 | Depths:4 | quicksilver dragon scales {rare}; a quicksilver dragon
                  | corpse
 48401 | Depths:4 | Could not pick up quicksilver dragon scales {rare} here;
                  | ([A]lways) ignore it?
 48518 | Depths:4 | quicksilver dragon scales {rare}; a quicksilver dragon
                  | corpse
 48521 | Depths:3 | Upgraded the game from 0.29-a0-648-g6b26cc9f40 to
                  | 0.29-a0-719-g0fec994a2d
 48521 | Depths:3 | magus.rc [v1.11.3]
 48899 | Slime:1  | Entered Level 1 of the Pits of Slime
 49172 | Slime:5  | Entered Level 5 of the Pits of Slime
 49200 | Slime:5  | Reached skill level 16 in Staves
 49202 | Slime:5  | Reached XP level 26. HP: 185/200 MP: 0/0
 49210 | Slime:5  | Found the ring of the Hare {EV+8}
 49211 | Slime:5  | Identified the +1 lajatang "Ziogok" {venom, Str+5}
 49212 | Slime:5  | Found a viscous altar of Jiyva.
 49213 | Slime:5  | Noticed the Royal Jelly
 49213 | Slime:5  | Identified the +5 scale mail "Temam" {Regen+ rCorr}
 49233 | Slime:5  | Identified the +1 glaive "Tosoll" {freeze, rPois rCorr}
 49244 | Slime:5  | the cursed +10 pearl dragon scales "Restrained With Me"
                  | {rN+, rare, Fort, Self} melds into your body.
 49251 | Slime:5  | Killed the Royal Jelly
 49264 | Slime:5  | Gained mutation: You occasionally shout uncontrollably at
                  | your foes. [a shining eye]
 49265 | Slime:5  | Paralysed by a floating eye for 3 turns
 49269 | Slime:5  | Got a slimy rune of Zot
 49271 | Slime:5  | Reached skill level 22 in Spellcasting
 49292 | Slime:3  | HP: 61/250 [acid blob/splash of acid (12)]
 49313 | Slime:3  | the cursed +10 pearl dragon scales "Restrained With Me"
                  | {rN+, rare, Fort, Self} unmelds from your body.
 49316 | Slime:3  | the cursed +10 pearl dragon scales "Restrained With Me"
                  | {rN+, rare, Fort, Self} melds into your body.
 49382 | Slime:3  | the cursed +10 pearl dragon scales "Restrained With Me"
                  | {rN+, rare, Fort, Self} unmelds from your body.
 49812 | Depths:4 | the cursed +10 pearl dragon scales "Restrained With Me"
                  | {rN+, rare, Fort, Self} melds into your body.
 49862 | Depths:4 | the cursed +10 pearl dragon scales "Restrained With Me"
                  | {rN+, rare, Fort, Self} unmelds from your body.
 49972 | Depths:4 | Lost mutation: You passively dampen the noise of your
                  | surroundings. [potion of mutation]
 49972 | Depths:4 | Lost mutation: You occasionally shout uncontrollably at
                  | your foes. [potion of mutation]
 49972 | Depths:4 | Gained mutation: You have a pair of small antennae on your
                  | head. [potion of mutation]
 49972 | Depths:4 | Gained mutation: You occasionally shout uncontrollably at
                  | your foes. [potion of mutation]
 49972 | Depths:4 | Gained mutation: You have a somewhat thin skeletal
                  | structure. (Dex +2, Stealth+) [potion of mutation]
 49973 | Depths:4 | Lost mutation: You have a somewhat thin skeletal structure.
                  | (Dex +2, Stealth+) [potion of mutation]
 49973 | Depths:4 | Lost mutation: You have a pair of small antennae on your
                  | head. [potion of mutation]
 49973 | Depths:4 | Gained mutation: You possess an exceptional clarity of
                  | mind. [potion of mutation]
 49973 | Depths:4 | Gained mutation: You are robust. (+10% HP) [potion of
                  | mutation]
 49973 | Depths:4 | Gained mutation: You have a pair of small antennae on your
                  | head. [potion of mutation]
 49974 | Depths:4 | Lost mutation: You are robust. (+10% HP) [potion of
                  | mutation]
 49974 | Depths:4 | Lost mutation: You occasionally shout uncontrollably at
                  | your foes. [potion of mutation]
 49974 | Depths:4 | Gained mutation: You occasionally shout uncontrollably at
                  | your foes. [potion of mutation]
 49974 | Depths:4 | Gained mutation: You are clumsy. (Dex -2) [potion of
                  | mutation]
 49974 | Depths:4 | Gained mutation: You are robust. (+10% HP) [potion of
                  | mutation]
 49975 | Depths:4 | Lost mutation: You are robust. (+10% HP) [potion of
                  | mutation]
 49975 | Depths:4 | Lost mutation: You possess an exceptional clarity of mind.
                  | [potion of mutation]
 49975 | Depths:4 | Lost mutation: You occasionally shout uncontrollably at
                  | your foes. [potion of mutation]
 49976 | Depths:4 | Lost mutation: You have a pair of small antennae on your
                  | head. [potion of mutation]
 49976 | Depths:4 | Lost mutation: You are clumsy. (Dex -2) [potion of
                  | mutation]
 49976 | Depths:4 | Gained mutation: Your movements are slightly less
                  | encumbered by armour. (ER -2) [potion of mutation]
 50323 | Elf:3    | your +9 gold dragon scales {rare} glow green for a moment.
 50324 | Elf:3    | your +10 gold dragon scales {rare} glow green for a moment.
 50683 | Depths:4 | the cursed +10 pearl dragon scales "Restrained With Me"
                  | {rN+, rare, Fort, Self} melds into your body.
 50744 | Depths:4 | the cursed +10 pearl dragon scales "Restrained With Me"
                  | {rN+, rare, Fort, Self} unmelds from your body.
 50746 | Depths:4 | the cursed +10 pearl dragon scales "Restrained With Me"
                  | {rN+, rare, Fort, Self} melds into your body.
 50869 | Depths:4 | the cursed +10 pearl dragon scales "Restrained With Me"
                  | {rN+, rare, Fort, Self} unmelds from your body.
 50912 | Depths:4 | the cursed +10 pearl dragon scales "Restrained With Me"
                  | {rN+, rare, Fort, Self} melds into your body.
 50932 | Depths:4 | Found a gate to the Realm of Zot.
 50978 | Depths:4 | the cursed +10 pearl dragon scales "Restrained With Me"
                  | {rN+, rare, Fort, Self} unmelds from your body.
 50981 | Depths:4 | the cursed +10 pearl dragon scales "Restrained With Me"
                  | {rN+, rare, Fort, Self} melds into your body.
 50989 | Depths:4 | the cursed +10 pearl dragon scales "Restrained With Me"
                  | {rN+, rare, Fort, Self} unmelds from your body.
 51076 | Depths:4 | the cursed +10 pearl dragon scales "Restrained With Me"
                  | {rN+, rare, Fort, Self} melds into your body.
 51142 | Depths:4 | the cursed +10 pearl dragon scales "Restrained With Me"
                  | {rN+, rare, Fort, Self} unmelds from your body.
 51170 | Depths:4 | the cursed +10 pearl dragon scales "Restrained With Me"
                  | {rN+, rare, Fort, Self} melds into your body.
 51240 | Depths:4 | the cursed +10 pearl dragon scales "Restrained With Me"
                  | {rN+, rare, Fort, Self} unmelds from your body.
 51305 | Depths:4 | the cursed +10 pearl dragon scales "Restrained With Me"
                  | {rN+, rare, Fort, Self} melds into your body.
 51378 | Depths:4 | the cursed +10 pearl dragon scales "Restrained With Me"
                  | {rN+, rare, Fort, Self} unmelds from your body.
 51389 | Depths:3 | Voluntarily entered the Abyss.
 51430 | Abyss:2  | the cursed +10 pearl dragon scales "Restrained With Me"
                  | {rN+, rare, Fort, Self} melds into your body.
 51451 | Abyss:2  | Found a runed door.
 51496 | Abyss:3  | the cursed +10 pearl dragon scales "Restrained With Me"
                  | {rN+, rare, Fort, Self} unmelds from your body.
 51536 | Abyss:3  | Found a corrupted altar of Lugonu.
 51559 | Abyss:3  | the cursed +10 pearl dragon scales "Restrained With Me"
                  | {rN+, rare, Fort, Self} melds into your body.
 51634 | Abyss:3  | the cursed +10 pearl dragon scales "Restrained With Me"
                  | {rN+, rare, Fort, Self} unmelds from your body.
 51639 | Abyss:3  | the cursed +10 pearl dragon scales "Restrained With Me"
                  | {rN+, rare, Fort, Self} melds into your body.
 51648 | Abyss:3  | Reached skill level 17 in Staves
 51674 | Abyss:3  | Reached skill level 15 in Fighting
 51696 | Abyss:3  | Found an ornate altar of the Wu Jian Council.
 51709 | Abyss:3  | the cursed +10 pearl dragon scales "Restrained With Me"
                  | {rN+, rare, Fort, Self} unmelds from your body.
 51710 | Abyss:3  | Found a bloodstained altar of Trog.
 51854 | Abyss:6  | the cursed +10 pearl dragon scales "Restrained With Me"
                  | {rN+, rare, Fort, Self} melds into your body.
 51865 | Abyss:6  | Gained mutation: You are weak. (Str -2) [a neqoxec]
 51882 | Abyss:6  | Noticed a pearl dragon
 51928 | Abyss:6  | the cursed +10 pearl dragon scales "Restrained With Me"
                  | {rN+, rare, Fort, Self} unmelds from your body.
 51943 | Abyss:6  | HP: 32/163 [smoke demon/divine providence (10)]
 51967 | Abyss:6  | the cursed +10 pearl dragon scales "Restrained With Me"
                  | {rN+, rare, Fort, Self} melds into your body.
 52052 | Abyss:6  | the cursed +10 pearl dragon scales "Restrained With Me"
                  | {rN+, rare, Fort, Self} unmelds from your body.
 52055 | Abyss:6  | HP: 43/205 [green very ugly thing (7)]
 52089 | Abyss:6  | the cursed +10 pearl dragon scales "Restrained With Me"
                  | {rN+, rare, Fort, Self} melds into your body.
 52115 | Abyss:6  | Found a transporter.
 52115 | Abyss:6  | Found a corrupted altar of Lugonu.
 52125 | Abyss:6  | Found a corrupted altar of Lugonu.
 52149 | Abyss:6  | HP: 44/258 [tengu reaver/bolt of cold (19)]
 52152 | Abyss:6  | HP: 18/258 [tengu reaver/bolt of cold (17)]
 52157 | Abyss:6  | Reached skill level 16 in Fighting
 52159 | Abyss:6  | HP: 31/258 [shambling mangrove (15)]
 52167 | Abyss:6  | Got an abyssal rune of Zot
 52171 | Abyss:6  | the cursed +10 pearl dragon scales "Restrained With Me"
                  | {rN+, rare, Fort, Self} unmelds from your body.
 52174 | Abyss:6  | Reached XP level 27. HP: 76/211 MP: 0/0
 52174 | Abyss:6  | Learned a level 9 spell: Shatter
 52174 | Abyss:7  | Entered Level 7 of the Abyss
 52195 | Abyss:7  | Paralysed by accursed screaming for 1 turns
 52208 | Depths:3 | You pass through the gate.
 52208 | Depths:3 | Escaped the Abyss
 52210 | Depths:3 | the cursed +10 pearl dragon scales "Restrained With Me"
                  | {rN+, rare, Fort, Self} melds into your body.
 52214 | Depths:3 | HP: 73/307 [constriction (4)]
 52230 | Depths:3 | the cursed +10 pearl dragon scales "Restrained With Me"
                  | {rN+, rare, Fort, Self} unmelds from your body.
 52230 | Depths:3 | Identified the cursed +2 helmet "Shattered With Me" {Int+3,
                  | Fort, Evo} (You found it on level 3 of the Elven Halls)
 52363 | Depths:3 | Lost mutation: Your movements are slightly less encumbered
                  | by armour. (ER -2) [potion of mutation]
 52363 | Depths:3 | Lost mutation: You are weak. (Str -2) [potion of mutation]
 52363 | Depths:3 | Gained mutation: Your body sometimes deteriorates upon
                  | taking damage. [potion of mutation]
 52363 | Depths:3 | Gained mutation: Your body often deteriorates upon taking
                  | damage. [potion of mutation]
 52363 | Depths:3 | Gained mutation: You are clumsy. (Dex -2) [potion of
                  | mutation]
 52363 | Depths:3 | Gained mutation: You have a pair of small horns on your
                  | head. [potion of mutation]
 52676 | Spider:1 | the cursed +10 pearl dragon scales "Restrained With Me"
                  | {rN+, rare, Fort, Self} melds into your body.
 52741 | Lair:1   | the cursed +10 pearl dragon scales "Restrained With Me"
                  | {rN+, rare, Fort, Self} unmelds from your body.
 52908 | Crypt:1  | Entered Level 1 of the Crypt
 52949 | Crypt:1  | the cursed +10 pearl dragon scales "Restrained With Me"
                  | {rN+, rare, Fort, Self} melds into your body.
 52961 | Crypt:1  | Reached skill level 18 in Staves
 52979 | Crypt:1  | Noticed Zenata
 52983 | Crypt:1  | Killed Zenata
 52985 | Crypt:1  | a +3 eveningstar {rare}; a +3 leather armour of fire
                  | resistance; a potion of flight
 53021 | Crypt:1  | the cursed +10 pearl dragon scales "Restrained With Me"
                  | {rN+, rare, Fort, Self} unmelds from your body.
 53039 | Crypt:1  | the cursed +10 pearl dragon scales "Restrained With Me"
                  | {rN+, rare, Fort, Self} melds into your body.
 53112 | Crypt:1  | the cursed +10 pearl dragon scales "Restrained With Me"
                  | {rN+, rare, Fort, Self} unmelds from your body.
 53244 | Crypt:1  | the cursed +10 pearl dragon scales "Restrained With Me"
                  | {rN+, rare, Fort, Self} melds into your body.
 53293 | Crypt:1  | Noticed Aizul
 53297 | Crypt:1  | Killed Aizul
 53313 | Crypt:1  | the cursed +10 pearl dragon scales "Restrained With Me"
                  | {rN+, rare, Fort, Self} unmelds from your body.
 53611 | Crypt:2  | Found a basalt altar of Yredelemnul.
 53621 | Crypt:2  | Identified the +6 dire flail of Inflation {flame, rF+++}
 53623 | Crypt:2  | the cursed +10 pearl dragon scales "Restrained With Me"
                  | {rN+, rare, Fort, Self} melds into your body.
 53643 | Crypt:2  | Identified the +6 morningstar of Might {venom, rF+ Dex+10}
 53687 | Crypt:2  | Reached skill level 17 in Fighting
 53697 | Crypt:2  | Noticed a royal mummy
 53697 | Crypt:2  | the cursed +10 pearl dragon scales "Restrained With Me"
                  | {rN+, rare, Fort, Self} unmelds from your body.
 53698 | Crypt:2  | Noticed a royal mummy
 53701 | Crypt:2  | Killed a royal mummy
 53702 | Crypt:2  | Killed a royal mummy
 53703 | Crypt:2  | the cursed +10 pearl dragon scales "Restrained With Me"
                  | {rN+, rare, Fort, Self} melds into your body.
 53708 | Crypt:2  | Noticed Khufu
 53714 | Crypt:2  | Killed Khufu
 53743 | Crypt:2  | HP: 66/270 [ghoul (15)]
 53746 | Crypt:2  | Reached skill level 19 in Staves
 53771 | Crypt:1  | the cursed +10 pearl dragon scales "Restrained With Me"
                  | {rN+, rare, Fort, Self} unmelds from your body.
 53882 | Crypt:1  | the cursed +10 pearl dragon scales "Restrained With Me"
                  | {rN+, rare, Fort, Self} melds into your body.
 53948 | Crypt:2  | the cursed +10 pearl dragon scales "Restrained With Me"
                  | {rN+, rare, Fort, Self} unmelds from your body.
 53970 | Crypt:2  | Identified the Collected Works on the Creative Blaze
 53975 | Crypt:2  | the cursed +10 pearl dragon scales "Restrained With Me"
                  | {rN+, rare, Fort, Self} melds into your body.
 54023 | Crypt:2  | Identified the +9 scimitar of Hesinist {freeze, rF- Str+8}
 54043 | Crypt:2  | the cursed +10 pearl dragon scales "Restrained With Me"
                  | {rN+, rare, Fort, Self} unmelds from your body.
 54163 | Crypt:2  | Noticed Boris
 54164 | Crypt:2  | the cursed +10 pearl dragon scales "Restrained With Me"
                  | {rN+, rare, Fort, Self} melds into your body.
 54169 | Crypt:2  | Killed Boris
 54230 | Crypt:2  | the cursed +10 pearl dragon scales "Restrained With Me"
                  | {rN+, rare, Fort, Self} unmelds from your body.
 54631 | Crypt:3  | Entered Level 3 of the Crypt
 54638 | Crypt:3  | the cursed +10 pearl dragon scales "Restrained With Me"
                  | {rN+, rare, Fort, Self} melds into your body.
 54667 | Crypt:3  | Noticed a curse skull
 54670 | Crypt:3  | Killed a curse skull
 54671 | Crypt:3  | Found a staircase to the Tomb.
 54680 | Crypt:3  | Noticed Jory
 54690 | Crypt:3  | Killed Jory
 54710 | Crypt:3  | the cursed +10 pearl dragon scales "Restrained With Me"
                  | {rN+, rare, Fort, Self} unmelds from your body.
 54720 | Crypt:3  | the cursed +10 pearl dragon scales "Restrained With Me"
                  | {rN+, rare, Fort, Self} melds into your body.
 54726 | Crypt:3  | Noticed a curse skull
 54728 | Crypt:3  | Killed a curse skull
 54736 | Crypt:3  | Noticed Grunn
 54739 | Crypt:3  | Reached skill level 18 in Fighting
 54739 | Crypt:3  | Killed Grunn
 54787 | Crypt:2  | the cursed +10 pearl dragon scales "Restrained With Me"
                  | {rN+, rare, Fort, Self} unmelds from your body.
 54869 | Crypt:2  | the cursed +10 pearl dragon scales "Restrained With Me"
                  | {rN+, rare, Fort, Self} melds into your body.
 55006 | Crypt:3  | the cursed +10 pearl dragon scales "Restrained With Me"
                  | {rN+, rare, Fort, Self} unmelds from your body.
 55007 | Crypt:3  | the cursed +10 pearl dragon scales "Restrained With Me"
                  | {rN+, rare, Fort, Self} melds into your body.
 55079 | Crypt:3  | the cursed +10 pearl dragon scales "Restrained With Me"
                  | {rN+, rare, Fort, Self} unmelds from your body.
 55572 | Crypt:3  | Found a basalt altar of Yredelemnul.
 55572 | Crypt:3  | Identified the Grimoire of Forking Paths
 55618 | Crypt:3  | Identified the Volume of Dusty Companions
 55622 | Crypt:3  | Identified the +3 morningstar "Sopump" {vorpal, rCorr Int-4
                  | Dex+2 Stlth+}
 55711 | Tomb:1   | Entered Level 1 of the Tomb of the Ancients
 56009 | Zot:1    | Entered Level 1 of the Realm of Zot
 56021 | Zot:1    | the cursed +10 pearl dragon scales "Restrained With Me"
                  | {rN+, rare, Fort, Self} melds into your body.
 56080 | Zot:1    | Reached skill level 14 in Armour
 56093 | Zot:1    | the cursed +10 pearl dragon scales "Restrained With Me"
                  | {rN+, rare, Fort, Self} unmelds from your body.
 56163 | Zot:1    | +0 shadow dragon scales {rare}; a shadow dragon corpse
 56269 | Zot:1    | +0 shadow dragon scales {rare}; a shadow dragon corpse
 56269 | Zot:1    | +0 shadow dragon scales {rare}; a shadow dragon corpse
 56269 | Zot:1    | Could not pick up +0 shadow dragon scales {rare} here;
                  | ([A]lways) ignore it?
 56286 | Zot:1    | Reached skill level 18 in Dodging
 56286 | Zot:1    | Reached skill level 15 in Shields
 56315 | Zot:1    | the cursed +10 pearl dragon scales "Restrained With Me"
                  | {rN+, rare, Fort, Self} melds into your body.
 56325 | Zot:1    | HP: 64/274 [storm dragon (10)]
 56381 | Zot:1    | the cursed +10 pearl dragon scales "Restrained With Me"
                  | {rN+, rare, Fort, Self} unmelds from your body.
 56417 | Zot:1    | the cursed +10 pearl dragon scales "Restrained With Me"
                  | {rN+, rare, Fort, Self} melds into your body.
 56487 | Zot:1    | the cursed +10 pearl dragon scales "Restrained With Me"
                  | {rN+, rare, Fort, Self} unmelds from your body.
 56551 | Zot:1    | the cursed +10 pearl dragon scales "Restrained With Me"
                  | {rN+, rare, Fort, Self} melds into your body.
 56618 | Zot:1    | the cursed +10 pearl dragon scales "Restrained With Me"
                  | {rN+, rare, Fort, Self} unmelds from your body.
 56723 | Zot:2    | the cursed +10 pearl dragon scales "Restrained With Me"
                  | {rN+, rare, Fort, Self} melds into your body.
 56767 | Zot:3    | Identified +0 gold dragon scales
 56767 | Zot:3    | Noticed a Killer Klown
 56770 | Zot:3    | Killed a Killer Klown
 56773 | Zot:3    | the cursed +10 pearl dragon scales "Restrained With Me"
                  | {rN+, rare, Fort, Self} unmelds from your body.
 56839 | Zot:3    | the cursed +10 pearl dragon scales "Restrained With Me"
                  | {rN+, rare, Fort, Self} melds into your body.
 56869 | Zot:4    | Acquired 879 gold pieces
 56904 | Zot:4    | the cursed +10 pearl dragon scales "Restrained With Me"
                  | {rN+, rare, Fort, Self} unmelds from your body.
 56985 | Zot:4    | Reached skill level 19 in Fighting
 56986 | Zot:4    | the cursed +10 pearl dragon scales "Restrained With Me"
                  | {rN+, rare, Fort, Self} melds into your body.
 56988 | Zot:5    | Entered Level 5 of the Realm of Zot
 56988 | Zot:5    | Found a huge runed gate.
 56988 | Zot:5    | Found a huge runed gate.
 56988 | Zot:5    | Found a huge runed gate.
 56988 | Zot:5    | Found a huge runed gate.
 56988 | Zot:5    | Found a huge runed gate.
 56988 | Zot:5    | Found a huge runed gate.
 56988 | Zot:5    | Found a huge runed gate.
 56988 | Zot:5    | Found a huge runed gate.
 56988 | Zot:5    | Found a huge runed gate.
 56988 | Zot:5    | Found a huge runed gate.
 57022 | Zot:5    | Found a huge runed gate.
 57022 | Zot:5    | Found a huge runed gate.
 57023 | Zot:5    | Found a huge runed gate.
 57023 | Zot:5    | Noticed a dread lich
 57023 | Zot:5    | Noticed an orb of fire
 57024 | Zot:5    | Found a huge runed gate.
 57024 | Zot:5    | Noticed a dread lich
 57025 | Zot:5    | Found a huge runed gate.
 57025 | Zot:5    | Noticed an electric golem
 57028 | Zot:5    | Found a huge runed gate.
 57028 | Zot:5    | Found a huge runed gate.
 57028 | Zot:5    | Found a huge runed gate.
 57083 | Zot:5    | Noticed an ancient lich
 57087 | Zot:5    | the cursed +10 pearl dragon scales "Restrained With Me"
                  | {rN+, rare, Fort, Self} unmelds from your body.
 57089 | Zot:5    | Reached skill level 15 in Armour
 57093 | Zot:5    | Killed an ancient lich
 57104 | Zot:5    | Noticed an ancient lich
 57106 | Zot:5    | Noticed an orb of fire
 57108 | Zot:5    | Noticed an electric golem
 57108 | Zot:5    | Noticed a dread lich
 57112 | Zot:5    | Killed an ancient lich
 57112 | Zot:5    | Killed a dread lich
 57113 | Zot:5    | Reached skill level 16 in Shields
 57117 | Zot:5    | the cursed +10 pearl dragon scales "Restrained With Me"
                  | {rN+, rare, Fort, Self} melds into your body.
 57118 | Zot:5    | Gained mutation: You are weak. (Str -2) [an orb of fire]
 57119 | Zot:5    | Noticed an ancient lich
 57123 | Zot:5    | Killed an electric golem
 57123 | Zot:5    | Noticed a Killer Klown
 57127 | Zot:5    | Reached skill level 19 in Dodging
 57127 | Zot:5    | Killed an orb of fire
 57127 | Zot:5    | the cursed +10 pearl dragon scales "Restrained With Me"
                  | {rN+, rare, Fort, Self} unmelds from your body.
 57127 | Zot:5    | HP: 54/221 [storm dragon (10)]
 57128 | Zot:5    | Killed an ancient lich
 57128 | Zot:5    | Killed a Killer Klown
 57138 | Zot:5    | Identified +0 gold dragon scales
 57177 | Zot:5    | the cursed +10 pearl dragon scales "Restrained With Me"
                  | {rN+, rare, Fort, Self} melds into your body.
 57224 | Zot:5    | the cursed +10 pearl dragon scales "Restrained With Me"
                  | {rN+, rare, Fort, Self} unmelds from your body.
 57253 | Zot:5    | Noticed an orb of fire
 57281 | Zot:5    | the cursed +10 pearl dragon scales "Restrained With Me"
                  | {rN+, rare, Fort, Self} melds into your body.
 57294 | Zot:5    | Killed an orb of fire
 57337 | Zot:5    | Noticed a dread lich
 57337 | Zot:5    | Killed a dread lich
 57340 | Zot:5    | Noticed an ancient lich
 57341 | Zot:5    | the cursed +10 pearl dragon scales "Restrained With Me"
                  | {rN+, rare, Fort, Self} unmelds from your body.
 57341 | Zot:5    | Noticed a Killer Klown
 57344 | Zot:5    | Killed an ancient lich
 57345 | Zot:5    | Killed a Killer Klown
 57366 | Zot:5    | Noticed a dread lich
 57389 | Zot:5    | the cursed +10 pearl dragon scales "Restrained With Me"
                  | {rN+, rare, Fort, Self} melds into your body.
 57390 | Zot:5    | Killed a dread lich
 57391 | Zot:5    | Reached skill level 16 in Armour
 57397 | Zot:5    | Noticed a dread lich
 57399 | Zot:5    | Got the Orb of Zot
 57445 | Zot:5    | Killed a dread lich
 57467 | Zot:5    | the cursed +10 pearl dragon scales "Restrained With Me"
                  | {rN+, rare, Fort, Self} unmelds from your body.
 57469 | Zot:5    | Noticed Mogarena the pandemonium lord
 57501 | Zot:3    | HP: 42/223 [purple draconian/bolt of dispelling energy[a
                  | white draconian stormcaller] (29)]
 57505 | Zot:2    | the cursed +10 pearl dragon scales "Restrained With Me"
                  | {rN+, rare, Fort, Self} melds into your body.
 57506 | Zot:2    | HP: 48/280 [green draconian/+0 short sword[a white
                  | draconian stormcaller] (7)]
 57554 | Zot:2    | the cursed +10 pearl dragon scales "Restrained With Me"
                  | {rN+, rare, Fort, Self} unmelds from your body.
 57654 | Depths:4 | the cursed +10 pearl dragon scales "Restrained With Me"
                  | {rN+, rare, Fort, Self} melds into your body.
 57720 | Depths:1 | the cursed +10 pearl dragon scales "Restrained With Me"
                  | {rN+, rare, Fort, Self} unmelds from your body.
 57886 | D:11     | the cursed +10 pearl dragon scales "Restrained With Me"
                  | {rN+, rare, Fort, Self} melds into your body.
 57894 | D:11     | Reached skill level 20 in Fighting
 57924 | D:8      | Noticed Toavuluu the pandemonium lord
 57960 | D:7      | the cursed +10 pearl dragon scales "Restrained With Me"
                  | {rN+, rare, Fort, Self} unmelds from your body.
 57985 | D:6      | the cursed +10 pearl dragon scales "Restrained With Me"
                  | {rN+, rare, Fort, Self} melds into your body.
 58015 | D:5      | the cursed +10 pearl dragon scales "Restrained With Me"
                  | {rN+, rare, Fort, Self} unmelds from your body.
 58084 | D:3      | the cursed +10 pearl dragon scales "Restrained With Me"
                  | {rN+, rare, Fort, Self} melds into your body.
 58150 | D:1      | the cursed +10 pearl dragon scales "Restrained With Me"
                  | {rN+, rare, Fort, Self} unmelds from your body.
 58152 | D:1      | the cursed +10 pearl dragon scales "Restrained With Me"
                  | {rN+, rare, Fort, Self} melds into your body.
 58155 | D:$      | Escaped with the Orb!

Vanquished Creatures
  5 dread liches
  5 ancient liches
  Mara (Depths:1)
  An orb of fire (Zot:5)
  Khufu (Crypt:2)
  Sojobo (Depths:1)
  3 royal mummies
  Parghit (Depths:3)
  Boris (Crypt:2)
  3 Killer Klowns
  Bai Suzhen (Spider:4)
  Saint Roka (Elf:2)
  7 golden dragons
  the Enchantress (Depths:1)
  Jory (Crypt:3)
  Nikola (Depths:1)
  3 bone dragons
  An electric golem (Zot:5)
  A Brimstone Fiend (Zot:5)
  The ghost of Mafumol the Earth Mage, an adept GrEE of Vehumet (Vaults:4)
  Zenata (Crypt:1)
  2 tentacled monstrosities (Zot:1)
  4 liches
  22 Orb Guardians
  Grunn (Crypt:3)
  2 deep elf blademasters (Elf:3)
  3 titans (Vaults:5)
  A deep elf master archer (Elf:3)
  2 quicksilver dragons
  5 death cobs
  An acid blob (Slime:3)
  14 ancient champions
  4 tentacled starspawn
  7 sphinxes
  5 tengu reavers
  2 shadow dragons
  A draconian knight (Zot:5)
  5 storm dragons
  5 fire giants
  2 revenants
  7 draconian monks
  7 emperor scorpions (Spider:4)
  4 deep elf sorcerers (Elf:3)
  A balrug (Abyss:6)
  12 vault wardens
  2 frost giants
  2 imperial myrmidons (Desolation)
  4 draconian scorchers
  Aizul (Crypt:1)
  3 ghost moths (Spider:4)
  3 ironbound preservers
  2 curse skulls (Crypt:3)
  12 ghouls
  2 deep elf elementalists (Elf:3)
  2 spriggan defenders (Depths:1)
  A quicksilver ooze (Slime:3)
  9 very ugly things
  4 draconian stormcallers
  9 draconian annihilators
  7 stone giants
  A war gargoyle (Vaults:1)
  3 broodmothers (Spider:4)
  4 ironbound thunderhulks
  8 vampire knights
  The ghost of flestrin the Fighter, a journeyman OgFE of Vehumet (Lair:1)
  9 green draconians
  8 deep elf demonologists
  A minotaur (Gauntlet)
  9 red draconians
  A halazid warlock (Desolation)
  4 black draconians
  4 entropy weavers
  7 deep elf annihilators (Elf:3)
  10 spark wasps
  5 white draconians
  10 purple draconians
  3 yellow draconians (Zot:1)
  3 crystal guardians
  4 eidola
  2 blizzard demons
  8 ettins
  2 mummy priests (Depths:2)
  16 jiangshi
  2 ragged hierophants (Desolation)
  2 fire dragons (Depths:1)
  2 merfolk javelineers
  7 deep elf death magi
  6 merfolk impalers
  8 yaktaur captains
  4 servants of whispers (Desolation)
  4 deep elf high priests
  3 rakshasas (D:15)
  2 great orbs of eyes
  4 boulder beetles
  8 peacekeepers
  3 ice dragons
  3 spriggan air magi
  9 vault guards
  2 catoblepae
  6 centaur warriors
  2 alligator snapping turtles (Shoals:1)
  3 radroaches
  3 merfolk avatars
  9 hydras
  5 death knights
  2 ironbound frosthearts (Vaults:3)
  25 dancing weapons
  3 two-headed ogres
  2 deep troll shamans
  A satyr (Shoals:2)
  3 tengu warriors
  4 deep troll earth magi
  9 vampire magi
  Urug (Lair:3)
  4 spriggan berserkers
  2 hell knights (Depths:2)
  A thrashing horror (Abyss:6)
  22 deep elf knights
  4 orc high priests
  4 soul eaters
  6 sun demons (Abyss:6)
  2 pharaoh ants (Spider:4)
  A bunyip zombie (Crypt:2)
  A shadow wraith (Abyss:3)
  3 wretched stars (Abyss:6)
  Lodul (D:11)
  A deep troll (shapeshifter) (Vaults:5)
  2 shadow demons (Elf:3)
  30 skeletal warriors
  6 deep trolls
  2 sun moths
  4 sea snakes
  A glowing orange brain (Abyss:3)
  8 orb spiders
  5 orc knights
  6 steelbarb worms
  5 wizards
  A wolf spider zombie (Spider:4)
  6 flayed ghosts
  14 harpies
  An anaconda skeleton (Crypt:1)
  An anaconda zombie (Crypt:3)
  8 deep elf archers
  15 ironbound convokers
  5 bog bodies
  20 deep elf zephyrmancers
  15 phantasmal warriors
  22 deep elf pyromancers
  6 lindwurms
  A necromancer (Vaults:4)
  39 ugly things
  A shadow dragon skeleton (Crypt:2)
  15 cyclopes
  2 stone giant zombies
  A shining eye (shapeshifter) (Elf:2)
  A salamander (shapeshifter) (D:14)
  14 elephants
  6 fauns
  11 wolf spiders
  8 moths of wrath
  A cyclops (shapeshifter) (Elf:1)
  4 orc sorcerers
  11 manticores
  A frost giant skeleton (Crypt:1)
  9 black mambas
  8 merfolk sirens
  Maurice (D:13)
  8 large abominations
  An apocalypse crab (Abyss:6)
  4 water nymphs
  A stone giant skeleton (Vaults:2)
  2 guardian serpents
  10 vault sentinels
  An orange demon (Abyss:4)
  2 molten gargoyles (Desolation)
  2 gargoyles
  A rust devil (Depths:4)
  23 cane toads
  2 smoke demons
  A dire elephant zombie (Crypt:1)
  A torpor snail (Spider:3)
  A yellow draconian zombie (Crypt:2)
  An elf skeleton (Vaults:2)
  A hellion (D:11)
  A purple draconian zombie (Crypt:3)
  6 komodo dragons
  A yaktaur zombie (Vaults:2)
  A yaktaur (shapeshifter) (Elf:1)
  Maggie (D:8)
  A tormentor (Zot:2)
  6 demonic crawlers
  3 rime drakes
  An ice devil (Zot:2)
  A naga skeleton (Crypt:3)
  A swamp worm zombie (Crypt:3)
  10 yaktaurs
  8 freezing wraiths
  3 hellwings (Abyss:3)
  4 kobold demonologists
  A red draconian skeleton (Crypt:1)
  2 ancient zymes (Abyss:3)
  2 efreet (D:14)
  A minotaur skeleton (Crypt:3)
  3 guardian mummies
  6 trolls
  A mana viper skeleton (Crypt:3)
  6 hornets
  A pale draconian skeleton (Crypt:1)
  22 merfolk
  3 meliai (D:15)
  2 wolf spider simulacra (Spider:4)
  A tyrant leech (Abyss:4)
  A harpy skeleton (Crypt:3)
  6 tarantellas
  42 saltlings
  A blink frog (shapeshifter) (D:15)
  6 blink frogs
  Prince Ribbit (D:8)
  2 polar bears
  7 wind drakes
  A great orb of eyes zombie (Crypt:3)
  42 slime creatures
  A slime creature (shapeshifter) (D:15)
  15 raiju
  A death drake skeleton (Crypt:3)
  9 snapping turtles
  A guardian serpent zombie (Crypt:1)
  9 flying skulls
  2 centaur simulacra
  A culicivora (shapeshifter) (D:14)
  13 culicivoras
  A jumping spider (shapeshifter) (D:14)
  5 shadows
  14 jumping spiders
  4 air elementals
  An ettin skeleton (Crypt:3)
  A fire dragon skeleton (Crypt:2)
  2 vampires
  5 fire elementals
  13 wyverns
  2 spriggans
  8 water elementals
  9 wraiths
  6 humans (D:10)
  74 yaks
  2 basilisks
  5 neqoxecs
  Eustachio (D:5)
  A golden eye (Slime:3)
  5 steam dragons
  24 redbacks
  5 wargs
  Edmund (D:4)
  A merfolk zombie (Crypt:1)
  A naga zombie (Abyss:3)
  A glowing shapeshifter skeleton (Vaults:2)
  A small abomination (Abyss:4)
  An acid dragon (shapeshifter) (Elf:2)
  19 water moccasins
  2 floating eyes
  5 sky beasts
  A floating eye (shapeshifter) (D:15)
  5 hell hounds (Elf:2)
  An ice beast (D:5)
  2 black bears
  34 orc warriors
  13 ogres
  2 boggarts (Elf:3)
  14 centaurs
  14 wolves
  A phantom (D:4)
  9 kobold brigands
  2 torpor snail zombies (Crypt:2)
  23 bullfrogs
  3 scorpions
  4 necrophages
  A yaktaur skeleton (Crypt:1)
  5 earth elementals
  A gnoll sergeant (D:9)
  12 wights
  20 killer bees
  10 vampire bats (Bailey)
  8 wolf zombies
  An electric eel (D:8)
  7 howler monkeys
  A lava snake (D:15)
  3 crimson imps (Gauntlet)
  3 jellies
  2 gnoll shamans
  A starcursed mass (Abyss:6)
  8 orc priests
  A hound (D:4)
  An iron imp (D:14)
  5 iguanas
  24 orc wizards
  12 mummies
  Robin (D:4)
  11 adders
  23 gnolls
  24 orc zombies (Bailey)
  2 river rats (D:5)
  A swamp drake skeleton (Crypt:3)
  2 shadow imps (D:6)
  2 white imps
  An ufetubus (D:5)
  8 worms
  4 dart slugs
  76 orcs
  4 bats
  13 endoplasms
  10 giant cockroaches
  14 goblins
  16 hobgoblins
  8 jackals
  3 quokkas
  A river rat zombie (Crypt:1)
  15 ball pythons
  3 frilled lizards
  35 kobolds
  12 rats
  A river rat skeleton (Crypt:2)
  3 fulminant prisms
  A lurking horror (Abyss:6)
1952 creatures vanquished.

Vanquished Creatures (collateral kills)
  the Royal Jelly (Slime:5)
  A dread lich (Vaults:5)
  An orb of fire (Zot:5)
  Mennas (Depths:3)
  A royal mummy (Crypt:2)
  3 golden dragons
  2 bone dragons
  Arachne (Spider:4)
  A hellephant (Vaults:3)
  5 tentacled monstrosities
  A lich (Vaults:5)
  Mlioglotl (Spider:2)
  5 Orb Guardians (Zot:5)
  9 acid blobs
  3 titans
  A quicksilver dragon (Depths:4)
  2 tentacled starspawn (Abyss:6)
  A deep elf master archer (Elf:3)
  An Executioner (D:1)
  A death cob (Zot:4)
  A sphinx (Vaults:5)
  3 shadow dragons
  3 tengu reavers
  2 storm dragons
  A rockslime (Slime:5)
  A draconian knight (Abyss:3)
  2 azure jellies (Slime:4)
  5 fire giants
  3 deep elf sorcerers
  7 vault wardens
  An iron dragon (Depths:3)
  2 balrugs
  7 frost giants
  A draconian scorcher (Zot:1)
  2 orc warlords
  A ghoul (Crypt:2)
  A draconian shifter (Depths:4)
  3 spriggan defenders
  A reaper (Depths:4)
  2 stone giants
  26 very ugly things
  3 ironbound preservers
  5 quicksilver oozes
  Azrael (Elf:2)
  A deep elf annihilator (Vaults:4)
  An ironbound thunderhulk (Vaults:2)
  3 black draconians
  3 red draconians
  6 dire elephants (Vaults:2)
  A white draconian (Zot:1)
  2 purple draconians
  A bunyip (Abyss:6)
  A spark wasp (Depths:3)
  A green death (Abyss:6)
  3 ettins
  A blizzard demon (Abyss:6)
  A deep elf death mage (Elf:2)
  A merfolk impaler (Depths:3)
  4 fire dragons
  A jiangshi (Depths:3)
  4 deep elf high priests
  2 shambling mangroves (Abyss:6)
  7 rakshasas
  20 vault guards
  A great orb of eyes (Slime:5)
  A hell beast (Depths:2)
  5 yaktaur captains
  5 ice dragons
  2 servants of whispers (Desolation)
  A peacekeeper (Desolation)
  A ragged hierophant (Desolation)
  2 ironbound frosthearts (Vaults:2)
  A jorogumo (Spider:4)
  A centaur warrior (Vaults:2)
  An ogre mage (Vaults:5)
  An alligator snapping turtle (Shoals:4)
  A death knight (Crypt:1)
  2 dancing weapons (Elf:2)
  8 deep troll shamans
  2 thrashing horrors (Abyss:6)
  A tengu warrior (Depths:3)
  2 vampire magi
  3 deep troll earth magi
  A spriggan berserker (Depths:4)
  2 deep elf knights (Elf:2)
  17 hell knights
  3 wretched stars (Abyss:6)
  A shadow wraith (Crypt:2)
  10 iron trolls
  3 skeletal warriors (Crypt:1)
  25 deep trolls
  A quicksilver dragon simulacrum (Depths:2)
  A sea snake (Shoals:4)
  3 phantasmal warriors (Vaults:5)
  An obsidian statue (Vaults:4)
  A glowing orange brain (Vaults:1)
  10 ironbound convokers
  An orb spider (Spider:4)
  A lindwurm (Vaults:1)
  6 wizards
  6 harpies
  3 orc knights
  2 deep elf zephyrmancers (Elf:2)
  A necromancer (Depths:2)
  2 deep elf pyromancers (Elf:3)
  A wolf spider (Spider:4)
  A shining eye (Slime:5)
  34 ugly things
  A faun (shapeshifter) (Vaults:5)
  2 fauns (Shoals:4)
  A will-o-the-wisp (Abyss:6)
  A worldbinder (Abyss:6)
  5 moths of wrath
  A merfolk siren (Shoals:4)
  A rust devil (Abyss:3)
  2 apocalypse crabs
  4 guardian serpents (Desolation)
  2 vault sentinels
  2 water nymphs (Abyss:6)
  An eye of devastation (Slime:5)
  2 smoke demons (Abyss:6)
  3 orange demons
  A hellion (Vaults:3)
  An unseen horror (shapeshifter) (Vaults:5)
  A freezing wraith (Crypt:2)
  25 yaktaurs
  2 guardian mummies (Depths:2)
  3 hellwings
  4 ancient zymes (Abyss:6)
  An ice devil (Depths:4)
  5 meliai
  2 trolls (Vaults:5)
  A merfolk (shapeshifter) (Vaults:4)
  3 tarantellas (Spider:4)
  6 hornets
  9 raiju
  10 saltlings (Desolation)
  A harpy skeleton (Crypt:3)
  7 slime creatures
  2 jumping spiders
  5 water elementals
  12 large abominations
  4 culicivoras
  A fire dragon skeleton (Crypt:2)
  4 flying skulls
  3 spriggans
  3 starcursed masses (Abyss:6)
  A chaos spawn (Abyss:3)
  2 wraiths
  7 golden eyes
  9 redbacks
  A fire elemental (Elf:2)
  A neqoxec (Abyss:6)
  A hell hound (Elf:2)
  A swamp worm (shapeshifter) (Vaults:5)
  2 floating eyes
  4 orc warriors
  A floating eye zombie (Crypt:2)
  4 ogres (Vaults:5)
  An electric eel (Spider:4)
  An orc wizard (Vaults:5)
  2 mummies (Crypt:3)
  A white imp (Abyss:3)
  2 orcs (Vaults:5)
553 creatures vanquished.

Vanquished Creatures (others)
  An ancient lich (Vaults:5)
  A thorn hunter (Abyss:6)
  A fire giant (Depths:1)
  A vault warden (Vaults:5)
  3 ironbound preservers
  3 very ugly things
  A dire elephant (Vaults:2)
  A merfolk impaler (Shoals:4)
  A rakshasa (Depths:3)
  A ragged hierophant (Desolation)
  4 vault guards
  An ironbound frostheart (Vaults:3)
  A servant of whispers (Desolation)
  An ice dragon (Depths:3)
  A two-headed ogre (Vaults:5)
  A deep troll earth mage (Depths:1)
  A thrashing horror (Abyss:3)
  A hell knight (Vaults:3)
  2 deep trolls
  A necromancer (Vaults:2)
  A phantasmal warrior (Crypt:2)
  2 worldbinders
  2 vault sentinels
  A smoke demon (Abyss:6)
  3 yaktaurs
  A freezing wraith (Crypt:2)
  A merfolk (Shoals:4)
  A hornet (Abyss:6)
  A slime creature (Vaults:2)
  A basilisk (D:14)
  A spriggan (Depths:1)
  A water elemental (Elf:2)
  A briar patch (Abyss:6)
  5 demonic plants (Abyss:6)
  3 foxfires (Abyss:6)
  32 fulminant prisms
  82 fungi
  2 lurking horrors
  221 plants
  24 starspawn tentacles
  6 tentacles (Shoals:3)
  4 toadstools (D:1)
  19 withered plants
443 creatures vanquished.

Grand Total: 2948 creatures vanquished

Table legend:
 A = Non-vault XP
 B = Vault XP
 C = Vault XP percentage of total XP
 D = Non-vault monster count
 E = Vault monster count
 F = Vault count percentage of total count
                 A         B        C        D         E       F
            +---------+---------+-------+---------+---------+-------
      Total |  723107 |  707764 |  49.5 |    1484 |    1004 |  40.4
            +---------+---------+-------+---------+---------+-------
        D:1 |      52 |       0 |   0.0 |      29 |       0 |   0.0
        D:2 |      42 |      10 |  19.2 |      16 |       4 |  20.0
        D:3 |      73 |      10 |  12.0 |      21 |       4 |  16.0
        D:4 |     366 |     200 |  35.3 |      14 |      13 |  48.1
        D:5 |     680 |     603 |  47.0 |      19 |      15 |  44.1
        D:6 |     546 |       0 |   0.0 |      20 |       0 |   0.0
        D:7 |     896 |     337 |  27.3 |      21 |       9 |  30.0
        D:8 |    1679 |     638 |  27.5 |      31 |       2 |   6.1
        D:9 |    3019 |    1288 |  29.9 |      38 |      10 |  20.8
       D:10 |    3079 |    1664 |  35.1 |      20 |      10 |  33.3
       D:11 |    5057 |     996 |  16.5 |      35 |       3 |   7.9
       D:12 |    5717 |       0 |   0.0 |      22 |       0 |   0.0
       D:13 |    7117 |    7108 |  50.0 |      22 |      11 |  33.3
       D:14 |   13517 |    8227 |  37.8 |      29 |      18 |  38.3
       D:15 |   10469 |    6749 |  39.2 |      23 |      15 |  39.5
     Lair:1 |    2289 |    1939 |  45.9 |      12 |       8 |  40.0
     Lair:2 |    2847 |       0 |   0.0 |      11 |       0 |   0.0
     Lair:3 |   15445 |    1761 |  10.2 |      55 |      10 |  15.4
     Lair:4 |    5245 |       0 |   0.0 |      18 |       0 |   0.0
     Lair:5 |    6751 |       0 |   0.0 |      14 |       0 |   0.0
     Lair:6 |    5608 |    9653 |  63.3 |      19 |      36 |  65.5
   Shoals:1 |   14755 |    5481 |  27.1 |      31 |       9 |  22.5
   Shoals:2 |    3910 |    1802 |  31.5 |      10 |       9 |  47.4
   Shoals:3 |   11430 |       0 |   0.0 |      23 |       0 |   0.0
   Shoals:4 |    6664 |   12452 |  65.1 |      14 |      22 |  61.1
   Spider:1 |    7748 |       0 |   0.0 |      18 |       0 |   0.0
   Spider:2 |    2577 |    1861 |  41.9 |       7 |       1 |  12.5
   Spider:3 |    2929 |       0 |   0.0 |       7 |       0 |   0.0
   Spider:4 |   24623 |   31499 |  56.1 |      63 |      45 |  41.7
    Slime:2 |    1060 |       0 |   0.0 |       1 |       0 |   0.0
    Slime:3 |    6998 |       0 |   0.0 |      10 |       0 |   0.0
    Slime:4 |    4818 |       0 |   0.0 |       6 |       0 |   0.0
    Slime:5 |    4984 |   16366 |  76.7 |       6 |       9 |  60.0
      Orc:1 |    2638 |     834 |  24.0 |      18 |      12 |  40.0
      Orc:2 |    3310 |    4803 |  59.2 |      38 |      34 |  47.2
      Elf:1 |    8078 |    3053 |  27.4 |      20 |       6 |  23.1
      Elf:2 |   26294 |   27362 |  51.0 |      44 |      49 |  52.7
      Elf:3 |   18556 |   37565 |  66.9 |      31 |      38 |  55.1
   Vaults:1 |    8698 |   16568 |  65.6 |      18 |      21 |  53.8
   Vaults:2 |   17811 |   23723 |  57.1 |      27 |      36 |  57.1
   Vaults:3 |   17758 |   26634 |  60.0 |      28 |      36 |  56.2
   Vaults:4 |   19475 |   26682 |  57.8 |      28 |      34 |  54.8
   Vaults:5 |   21600 |  105902 |  83.1 |      46 |      88 |  65.7
    Crypt:1 |   26846 |    3092 |  10.3 |      43 |       2 |   4.4
    Crypt:2 |   39954 |   28276 |  41.4 |      57 |      24 |  29.6
    Crypt:3 |   27168 |   35942 |  57.0 |      43 |      45 |  51.1
   Depths:1 |   24439 |   32810 |  57.3 |      30 |      28 |  48.3
   Depths:2 |   47560 |   21846 |  31.5 |      65 |      18 |  21.7
   Depths:3 |   49201 |   14817 |  23.1 |      57 |       9 |  13.6
   Depths:4 |   19457 |   17693 |  47.6 |      24 |      20 |  45.5
      Zot:1 |   43865 |    2307 |   5.0 |      42 |       2 |   4.5
      Zot:2 |    2675 |       0 |   0.0 |       2 |       0 |   0.0
      Zot:3 |   21758 |     498 |   2.2 |      17 |       1 |   5.6
      Zot:4 |   23950 |       0 |   0.0 |      21 |       0 |   0.0
      Zot:5 |   20147 |  104772 |  83.9 |      15 |      40 |  72.7
    Abyss:2 |       0 |     227 | 100.0 |       0 |       1 | 100.0
    Abyss:3 |   18026 |       0 |   0.0 |      35 |       0 |   0.0
    Abyss:4 |     986 |     286 |  22.5 |       3 |       1 |  25.0
    Abyss:6 |   29867 |   15699 |  34.5 |      47 |      28 |  37.3
      Sewer |       0 |     370 | 100.0 |       0 |      29 | 100.0
     Bailey |       0 |    1701 | 100.0 |       0 |      43 | 100.0
 Desolation |       0 |   40053 | 100.0 |       0 |      85 | 100.0
   Gauntlet |       0 |    3605 | 100.0 |       0 |      11 | 100.0
            +---------+---------+-------+---------+---------+-------

Illustrated notes

Table legend:
 A = Kills in this place as a percentage of kills in entire the game.
 B = Kills by you in this place as a percentage of kills by you in the entire game.
 C = Kills by friends in this place as a percentage of kills by friends in the entire game.
 D = Other kills in this place as a percentage of other kills in the entire game.
 E = Experience gained in this place as a percentage of experience gained in the entire game.
 F = Experience gained in this place divided by the number of levels of this place that you have seen.
                   A       B       C       D       E      F
               +-------+-------+-------+-------+-------+----------------------
         Total | 100.0 | 100.0 | 100.0 | 100.0 | 100.0 | 20783.2
       Dungeon |  18.9 |  24.4 |   0.4 |   0.0 |   5.9 | 5675.6
          Lair |   7.2 |   9.4 |   0.0 |   0.0 |   3.5 | 8589.7
        Shoals |   4.7 |   5.6 |   1.3 |   6.2 |   3.9 | 14123.5
   Spider Nest |   5.6 |   5.8 |   5.1 |   0.0 |   4.9 | 17809.2
    Slime Pits |   1.3 |   0.2 |   5.1 |   0.0 |   2.4 | 6845.2
  Orcish Mines |   4.0 |   5.2 |   0.0 |   0.0 |   0.8 | 5792.5
   Elven Halls |   7.4 |   8.8 |   3.1 |   0.0 |   8.3 | 40302.7
        Vaults |  14.3 |   8.8 |  31.6 |  56.2 |  19.6 | 56970.2
         Crypt |   8.5 |  10.0 |   3.1 |   6.2 |  11.1 | 53759.3
        Depths |  10.0 |   4.5 |  29.4 |  15.6 |  15.7 | 57262.2
           Zot |   5.9 |   6.3 |   4.7 |   0.0 |  15.5 | 45054.2
         Abyss |   5.6 |   3.5 |  12.4 |  12.5 |   5.3 | 11075.3
         Sewer |   1.1 |   1.5 |   0.0 |   0.0 |   0.0 | 370.0
        Bailey |   1.7 |   2.2 |   0.0 |   0.0 |   0.1 | 1701.0
    Desolation |   3.4 |   3.2 |   3.8 |   3.1 |   2.8 | 40053.0
      Gauntlet |   0.4 |   0.6 |   0.0 |   0.0 |   0.2 | 3605.0
               +-------+-------+-------+-------+-------+----------------------

Table legend: (Time is in decaauts)
 A = Elapsed time spent in this place.
 B = Non-inter-level travel time spent in this place.
 C = Inter-level travel time spent in this place.
 D = Time resting spent in this place.
 E = Time spent auto-exploring this place.
 F = Levels seen in this place.
 G = Mean time per level.
                   A        B        C        D        E       F      G
               +--------+--------+--------+--------+--------+-----+--------+
         Total |  61976 |  56023 |   5953 |   6973 |  30066 |  70 |  885.4 |
       Dungeon |  22056 |  19381 |   2675 |   2975 |  12336 |  15 | 1470.4 |
        Temple |    148 |    121 |     27 |      0 |    106 |   1 |  148.0 |
          Lair |   6476 |   5562 |    914 |    158 |   4091 |   6 | 1079.3 |
        Shoals |   2619 |   2484 |    135 |    171 |   1179 |   4 |  654.8 |
   Spider Nest |   1211 |   1185 |     26 |     88 |    149 |   4 |  302.8 |
    Slime Pits |    573 |    566 |      7 |    129 |     73 |   5 |  114.6 |
  Orcish Mines |   2361 |   2095 |    266 |    859 |    693 |   2 | 1180.5 |
   Elven Halls |   4543 |   4185 |    358 |    453 |   1808 |   3 | 1514.3 |
        Vaults |   6867 |   6485 |    382 |    158 |   4072 |   5 | 1373.4 |
         Crypt |   3193 |   3053 |    140 |    332 |   1753 |   3 | 1064.3 |
          Tomb |      1 |      1 |      0 |      0 |      0 |   1 |    1.0 |
        Depths |   5656 |   4725 |    931 |    743 |   2210 |   4 | 1414.0 |
           Zot |   1942 |   1856 |     86 |    599 |    221 |   5 |  388.4 |
         Abyss |    938 |    938 |      0 |     15 |     52 |   7 |  134.0 |
        Bazaar |    115 |    115 |      0 |      0 |     66 |   1 |  115.0 |
         Sewer |    534 |    534 |      0 |     68 |    264 |   1 |  534.0 |
        Bailey |    861 |    861 |      0 |     87 |    458 |   1 |  861.0 |
    Desolation |   1212 |   1212 |      0 |     67 |    437 |   1 | 1212.0 |
      Gauntlet |    661 |    661 |      0 |     68 |     96 |   1 |  661.0 |
               +--------+--------+--------+--------+--------+-----+--------+

Top non-repeatable levels by time:
     D:1: 2359 daAuts
Vaults:5: 2077 daAuts
   Elf:2: 2030 daAuts
     D:8: 1707 daAuts
     D:3: 1626 daAuts
    D:15: 1597 daAuts
    D:14: 1597 daAuts
Depths:1: 1588 daAuts
   Elf:3: 1561 daAuts
     D:9: 1521 daAuts
    D:13: 1513 daAuts
    D:11: 1477 daAuts
Depths:2: 1465 daAuts
     D:4: 1454 daAuts
     D:6: 1447 daAuts
